Workbook

Sheet горизонтально
Z1: Додаток до програми підтримки ВОЗ
M2: затвердженої розпорядженням керівника Слов’янської міської військово-цивільної адміністрації 23.11.2023 № 2207 (в редакції розпорядження начальника Слов’янської міської військової адміністрації від __.12.2025 №____) нова редакція | Z2: затвердженої розпорядженням керівника Слов’янської міської військово-цивільної адміністрації 23.11.2023 № 2207 (в редакції розпорядження начальника Слов’янської міської військової адміністрації від __.12.2025 №____) нова редакція
A4: Порівняльна таблиця змін завдань і заходів Програми підтримки та розвитку галузі охорони здоров’я Слов’янської міської територіальної громади на 2024-2026 роки
A5: № і назва завдання Стратегії розвитку Донецької області на період до 2027 року | B5: № з/п | C5: Зміст заходу | D5: Термін виконання | E5: Виконавець | F5: Витрати на реалізацію, тис.грн | L5: Очікуваний результат | N5: № і назва завдання Стратегії розвитку Донецької області на період до 2027 року | O5: № з/п | P5: Зміст заходу | Q5: Термін виконання | R5: Виконавець | S5: Витрати на реалізацію, тис.грн | Y5: Очікуваний результат
F6: Всього | G6: у тому числі за рахунок коштів: | S6: Всього | T6: у тому числі за рахунок коштів:
G7: Держав- ного бюджету | H7: місцевих бюджетів | J7: підпри- ємств | K7: інших джерел | L7: найменування показника | M7: значення показника | T7: Держав- ного бюджету | U7: місцевих бюджетів | W7: підпри- ємств | X7: інших джерел | Y7: найменування показника | Z7: значення показника
H8: обласного бюджету | I8: бюджету територіальної громади | U8: обласного бюджету | V8: бюджету територіальної громади
A9: 1 | B9: 2 | C9: 3 | D9: 4 | E9: 5 | F9: 6 | G9: 7 | H9: 8 | I9: 9 | J9: 10 | K9: 11 | L9: 12 | M9: 13 | N9: 1 | O9: 2 | P9: 3 | Q9: 4 | R9: 5 | S9: 6 | T9: 7 | U9: 8 | V9: 9 | W9: 10 | X9: 11 | Y9: 12 | Z9: 13
A10: було | N10: стало
N11: додати завдання 2.2.1. захід 1:
N12: 2.2.1. Підтримка релокованих закладів освіти, охорони здоров'я, культури, спорту, соціального захисту населення, центрів надання адміністративних послуг та відновлення їх діяльності на території області після завешення бойових дій | O12: 1 | P12: Надання фінансової підтримки КНП СМР "Центр первинної медико-санітарної допомоги м. Слов'янська" на виконання заходів із забезпечення функціонування (діяльності) закладу переміщеного до більш безпечного регіону України (видатки на оплату праці,видатки на енергоносії, закупівля предметів, матеріалів, оплата послуг крім комунальних). | Q12: 2024
Q13: 2025
Q14: 2026 | R14: Відділ охорони здоров'я, КНП СМР "ЦПМСД" | S14: =T14+U14+V14+W14+X14 -> 3020.344 | T14: 0 | U14: 0 | V14: 3020.344 | W14: 0 | X14: 0 | Y14: кількість підприємств | Z14: 1
A15: РАЗОМ | D15: 2024 | F15: =G15+H15+I15+J15+K15 -> 97696.2 | G15: 4509 | H15: 0 | I15: 74720.2 | J15: 3901 | K15: 14566 | N15: РАЗОМ | Q15: 2024 | S15: =T15+U15+V15+W15+X15 -> 97696.2 | T15: 4509 | U15: 0 | V15: 74720.2 | W15: 3901 | X15: 14566
D16: 2025 | F16: =G16+H16+I16+J16+K16 -> 101965.92 | G16: 4555 | H16: 0 | I16: 78780.92 | J16: 4031 | K16: 14599 | Q16: 2025 | S16: =T16+U16+V16+W16+X16 -> 101965.92 | T16: 4555 | U16: 0 | V16: 78780.92 | W16: 4031 | X16: 14599
D17: 2026 | F17: =G17+H17+I17+J17+K17 -> 83397.95 | G17: 0 | H17: 0 | I17: 66503.35 | J17: 0 | K17: 16894.6 | Q17: 2026 | S17: =T17+U17+V17+W17+X17 -> 86418.294 | T17: 0 | U17: 0 | V17: =66503.35+3020.344 -> 69523.694 | W17: 0 | X17: 16894.6
D18: 2024-2026 | F18: =G18+H18+I18+J18+K18 -> 283060.07 | G18: =G15+G16+G17 -> 9064 | H18: =H15+H16+H17 -> 0 | I18: =I15+I16+I17 -> 220004.47 | J18: =J15+J16+J17 -> 7932 | K18: =K15+K16+K17 -> 46059.6 | Q18: 2024-2026 | S18: =T18+U18+V18+W18+X18 -> 286080.41 | T18: =T15+T16+T17 -> 9064 | U18: =U15+U16+U17 -> 0 | V18: =V15+V16+V17 -> 223024.81 | W18: =W15+W16+W17 -> 7932 | X18: =X15+X16+X17 -> 46059.6
A19: 11. Фізичне виховання та спорт | N19: 11. Фізичне виховання та спорт
A20: 2.3.3 Підтримка спорту вищих досягнень, дитячо-юнацького і резервного спорту | C20: Проведення та участь у спортивно-масових заходах | N20: 2.3.3 Підтримка спорту вищих досягнень, дитячо-юнацького і резервного спорту | P20: Проведення та участь у спортивно-масових заходах
B21: 1 | C21: Проведення навчально-тренувальних зборів, змагань, турнірів, спортивно-масових, урочистих заходів тощо; забезпечення участі спортсменів, команд та організацій у міських, регіональних, обласних, всеукраїнських та міжнародних змаганнях з олімпійських, неолімпійських та національних видів спорту; проведення фізкультурно-масових заходів серед населення | D21: 2026 | E21: Відділ у справах сім'ї, молоді, фізичної культури та спорту | F21: =G21+H21+I21+J21+K21 -> 137 | I21: 137 | L21: кількість учасників спортивних заходів, змагань | M21: 1000 осіб | O21: 1 | P21: Проведення навчально-тренувальних зборів, змагань, турнірів, спортивно-масових, урочистих заходів тощо; забезпечення участі спортсменів, команд та організацій у міських, регіональних, обласних, всеукраїнських та міжнародних змаганнях з олімпійських, неолімпійських та національних видів спорту; проведення фізкультурно-масових заходів серед населення | Q21: 2026 | R21: Відділ у справах сім'ї, молоді, фізичної культури та спорту | S21: =T21+U21+V21+W21+X21 -> 137 | V21: 137 | Y21: кількість учасників спортивних заходів, змагань | Z21: 1000 осіб
B22: 2 | C22: Проведення навчально-тренувальних зборів, змагань, турнірів, спортивно-масових, урочистих заходів тощо; забезпечення участі спортсменів, команд та організацій у міських, регіональних, обласних, всеукраїнських та міжнародних змаганнях з видів спорту серед людей з інвалідністю | D22: 2026 | E22: Відділ у справах сім'ї, молоді, фізичної культури та спорту | F22: =G22+H22+I22+J22+K22 -> 5 | I22: 5 | L22: кількість учасників спортивних заходів, змагань | M22: 20 од. | O22: 2 | P22: Проведення навчально-тренувальних зборів, змагань, турнірів, спортивно-масових, урочистих заходів тощо; забезпечення участі спортсменів, команд та організацій у міських, регіональних, обласних, всеукраїнських та міжнародних змаганнях з видів спорту серед людей з інвалідністю | Q22: 2026 | R22: Відділ у справах сім'ї, молоді, фізичної культури та спорту | S22: =T22+U22+V22+W22+X22 -> 5 | V22: 5 | Y22: кількість учасників спортивних заходів, змагань | Z22: 20 од.
C23: Надання фінансової допомоги провідним спортсменам в т.ч.: | P23: Надання фінансової допомоги провідним спортсменам в т.ч.:
B24: 1 | C24: Стипендія провідним та перспективним спортсменам Слов'янської міської територіальної громади | D24: 2026 | E24: Відділ у справах сім'ї, молоді, фізичної культури та спорту | F24: =G24+H24+I24+J24+K24 -> 200 | I24: 200 | L24: кількість спортсменів | M24: 20 осіб | O24: 1 | P24: Стипендія провідним та перспективним спортсменам Слов'янської міської територіальної громади | Q24: 2026 | R24: Відділ у справах сім'ї, молоді, фізичної культури та спорту | S24: =T24+U24+V24+W24+X24 -> 200 | V24: 200 | Y24: кількість спортсменів | Z24: 20 осіб
B25: 2 | C25: Виплата одноразових винагород, премій спортсменам та їх тренерам за досягнення високих спортивних результатів | D25: 2026 | E25: Відділ у справах сім'ї, молоді, фізичної культури та спорту | F25: =G25+H25+I25+J25+K25 -> 280 | I25: 280 | L25: кількість отримувачів винагород, премій | M25: 40 осіб | O25: 2 | P25: Виплата одноразових винагород, премій спортсменам та їх тренерам за досягнення високих спортивних результатів | Q25: 2026 | R25: Відділ у справах сім'ї, молоді, фізичної культури та спорту | S25: =T25+U25+V25+W25+X25 -> 280 | V25: 280 | Y25: кількість отримувачів винагород, премій | Z25: 40 осіб
C26: Придбання спортивного обладнання та інвентарю, в т.ч. за установами або закладами | P26: Придбання спортивного обладнання та інвентарю, в т.ч. за установами або закладами
C27: Заходи щодо підтримки об’єктів комунальної власності (утримання ДЮСШ, спортивних споруд та «пристосованих приміщень») | P27: Заходи щодо підтримки об’єктів комунальної власності (утримання ДЮСШ, спортивних споруд та «пристосованих приміщень»)
C28: КЗ "ДЮСШ м. Слов'янська" | P28: КЗ "ДЮСШ м. Слов'янська"
B29: 1 | C29: Утримання КЗ "ДЮСШ м.Слов'янська", в тому числі оренда нерухомого майна (у нежитловій будівлі) "Будинок зв'язку", вул. Свободи для організації навчально-тренувального процесу | D29: 2026 | E29: Відділ у справах сім'ї, молоді, фізичної культури та спорту | F29: =G29+H29+I29+J29+K29 -> 1900 | I29: 1900 | L29: утримання закладу | M29: 1 од. | O29: 1 | P29: Утримання КЗ "ДЮСШ м.Слов'янська", в тому числі оренда нерухомого майна (у нежитловій будівлі) "Будинок зв'язку", вул. Свободи для організації навчально-тренувального процесу | Q29: 2026 | R29: Відділ у справах сім'ї, молоді, фізичної культури та спорту | S29: =T29+U29+V29+W29+X29 -> 1900 | V29: 1900 | Y29: утримання закладу | Z29: 1 од.
C30: КПНЗ "Міська КДЮСШ" | P30: КПНЗ "Міська КДЮСШ"
B31: 1 | C31: Утримання КПНЗ "Міська КДЮСШ" | D31: 2026 | E31: Відділ у справах сім'ї, молоді, фізичної культури та спорту | F31: =G31+H31+I31+J31+K31 -> 2800 | I31: 2800 | L31: утримання закладу | M31: 1 од. | O31: 1 | P31: Утримання КПНЗ "Міська КДЮСШ" | Q31: 2026 | R31: Відділ у справах сім'ї, молоді, фізичної культури та спорту | S31: =T31+U31+V31+W31+X31 -> 2800 | V31: 2800 | Y31: утримання закладу | Z31: 1 од.
C32: КЗ "Центр фізичного здоров’я населення "Спорт для всіх" | P32: КЗ "Центр фізичного здоров’я населення "Спорт для всіх"
B33: 1 | C33: Утримання центру фізичного здоров’я населення "Спорт для всіх" | D33: 2026 | E33: Відділ у справах сім'ї, молоді, фізичної культури та спорту | F33: =G33+H33+I33+J33+K33 -> 800 | I33: 800 | L33: утримання закладу | M33: 1 од. | O33: 1 | P33: Утримання центру фізичного здоров’я населення "Спорт для всіх" | Q33: 2026 | R33: Відділ у справах сім'ї, молоді, фізичної культури та спорту | S33: =T33+U33+V33+W33+X33 -> 800 | V33: 800 | Y33: утримання закладу | Z33: 1 од.
C34: КЗ "Фізкультурно-оздоровчий комплекс м. Слов'янська" | P34: КЗ "Фізкультурно-оздоровчий комплекс м. Слов'янська"
B35: 1 | C35: Утримання КЗ "Фізкультурно-оздоровчий комплекс м.Слов'янська" | D35: 2026 | E35: Відділ у справах сім'ї, молоді, фізичної культури та спорту | F35: =G35+H35+I35+J35+K35 -> 3350 | I35: 3100 | J35: 250 | L35: утримання закладу | M35: 1 заклад | O35: 1 | P35: Утримання КЗ "Фізкультурно-оздоровчий комплекс м.Слов'янська" | Q35: 2026 | R35: Відділ у справах сім'ї, молоді, фізичної культури та спорту | S35: =T35+U35+V35+W35+X35 -> 3350 | V35: 3100 | W35: 250 | Y35: утримання закладу | Z35: 1 заклад
B36: 2 | C36: Обслуговування системи з дезінфекції води (придбання фільтрів, реагентів; колб для системи дезінфекції Aquatrons systems і8000 тощо) | D36: 2026 | E36: КЗ "Фізкультурно-оздоровчий комплекс м.Слов'янська" | F36: =G36+H36+I36+J36+K36 -> 250 | I36: 250 | L36: кількість матеріалів, витратних засобів | M36: 20 од. | O36: 2 | P36: Обслуговування системи з дезінфекції води (придбання фільтрів, реагентів; колб для системи дезінфекції Aquatrons systems і8000 тощо) | Q36: 2026 | R36: КЗ "Фізкультурно-оздоровчий комплекс м.Слов'янська" | S36: =T36+U36+V36+W36+X36 -> 250 | V36: 250 | Y36: кількість матеріалів, витратних засобів | Z36: 20 од.
C37: КЗ "Спортивний клуб за місцем проживання "Культурно-спортивний центр" | P37: КЗ "Спортивний клуб за місцем проживання "Культурно-спортивний центр"
B38: 1 | C38: Утримання КЗ "Спортивний клуб за місцем проживання "Культурно-спортивний центр" | D38: 2026 | E38: Відділ у справах сім'ї, молоді, фізичної культури та спорту | F38: =G38+H38+I38+J38+K38 -> 1300 | I38: 1300 | L38: утримання закладу | M38: 1 заклад | O38: 1 | P38: Утримання КЗ "Спортивний клуб за місцем проживання "Культурно-спортивний центр" | Q38: 2026 | R38: Відділ у справах сім'ї, молоді, фізичної культури та спорту | S38: =T38+U38+V38+W38+X38 -> 1300 | V38: 1300 | Y38: утримання закладу | Z38: 1 заклад
B39: 2 | C39: Заходи щодо сприяння розвитку футболу в Слов'янську: підтримка ФК "Слов'янськ"; інших аматорських футбольних команд (які виступають у офіційних заходах згідно календаря Федерації футболу Донецької області); придбання спортивного інвентарю, обладнання; спортивної форми | D39: 2026 | E39: КЗ "Спортивний клуб за місцем проживання школа «Культурно-спортивний центр" | F39: =G39+H39+I39+J39+K39 -> 75 | I39: 75 | L39: кількість зборів, змагань | M39: 25 од. | O39: 2 | P39: Заходи щодо сприяння розвитку футболу в Слов'янську: підтримка ФК "Слов'янськ"; інших аматорських футбольних команд (які виступають у офіційних заходах згідно календаря Федерації футболу Донецької області); придбання спортивного інвентарю, обладнання; спортивної форми | Q39: 2026 | R39: КЗ "Спортивний клуб за місцем проживання школа «Культурно-спортивний центр" | S39: =T39+U39+V39+W39+X39 -> 75 | V39: 75 | Y39: кількість зборів, змагань | Z39: 25 од.
C40: Усього по Розділу 11 | F40: =G40+H40+I40+J40+K40 -> 11097 | G40: =SUM(G21:G39) -> 0 | H40: =SUM(H21:H39) -> 0 | I40: =SUM(I21:I39) -> 10847 | J40: =SUM(J21:J39) -> 250 | K40: =SUM(K21:K39) -> 0 | P40: Усього по Розділу 11 | S40: =T40+U40+V40+W40+X40 -> 11097 | T40: =SUM(T21:T39) -> 0 | U40: =SUM(U21:U39) -> 0 | V40: =SUM(V21:V39) -> 10847 | W40: =SUM(W21:W39) -> 250 | X40: =SUM(X21:X39) -> 0
A41: 12. Культура і туризм | N41: 12. Культура і туризм
A42: 2.3.1 Підвищення доступності культурних послуг | C42: Збереження та охорона об'єктів культурної спадщини | N42: 2.3.1 Підвищення доступності культурних послуг | P42: Збереження та охорона об'єктів культурної спадщини
B43: 1 | C43: Виготовлення облікової документації на пам'ятки архітектури та історії місцевого значення | D43: 2026 | E43: Відділ культури | F43: =G43+H43+I43+J43+K43 -> 55 | I43: 55 | L43: кількість об'єктів | M43: 2 од. | O43: 1 | P43: Виготовлення облікової документації на пам'ятки архітектури та історії місцевого значення | Q43: 2026 | R43: Відділ культури | S43: =T43+U43+V43+W43+X43 -> 55 | V43: 55 | Y43: кількість об'єктів | Z43: 2 од.
B44: 2 | C44: Проведення інвентаризації пам'яток археологічної спадщини, проведення заходів з благоустрою, охорони та збереження об'єктів історії та культури, проведення ремонтно-реставраційних робіт на території Слов'янської міської територіальної громади | D44: 2026 | E44: Відділ культури | F44: =G44+H44+I44+J44+K44 -> 250 | I44: 250 | L44: кількість об'єктів | M44: 10 од. | O44: 2 | P44: Проведення інвентаризації пам'яток археологічної спадщини, проведення заходів з благоустрою, охорони та збереження об'єктів історії та культури, проведення ремонтно-реставраційних робіт на території Слов'янської міської територіальної громади | Q44: 2026 | R44: Відділ культури | S44: =T44+U44+V44+W44+X44 -> 250 | V44: 250 | Y44: кількість об'єктів | Z44: 10 од.
B45: 3 | C45: Інші заходи в сфері культури | D45: 2026 | E45: Відділ культури | F45: =G45+H45+I45+J45+K45 -> 150 | I45: 150 | L45: кількість заходів | M45: 10 од. | O45: 3 | P45: Інші заходи в сфері культури | Q45: 2026 | R45: Відділ культури | S45: =T45+U45+V45+W45+X45 -> 150 | V45: 150 | Y45: кількість заходів | Z45: 10 од.
B46: 4 | C46: Організація та проведення культурно-мистецьких заходів, державних та професійних свят, ювілейних дат, фестивалів, конкурсів та інших культурно-масових заходів на території Слов'янської міської територіальної громади | D46: 2026 | E46: Відділ культури | F46: =G46+H46+I46+J46+K46 -> 600 | I46: 600 | L46: кількість заходів | M46: 2500 од. | O46: 4 | P46: Організація та проведення культурно-мистецьких заходів, державних та професійних свят, ювілейних дат, фестивалів, конкурсів та інших культурно-масових заходів на території Слов'янської міської територіальної громади | Q46: 2026 | R46: Відділ культури | S46: =T46+U46+V46+W46+X46 -> 600 | V46: 600 | Y46: кількість заходів | Z46: 2500 од.
B47: 5 | C47: Підвищення майстерності, участь аматорських колективів, виконавців в регіональних, обласних, міжнародних та всеукраїнських заходах, фестивалях, конкурсах | D47: 2026 | E47: Відділ культури | F47: =G47+H47+I47+J47+K47 -> 50 | I47: 50 | L47: кількість заходів | M47: 39 од. | O47: 5 | P47: Підвищення майстерності, участь аматорських колективів, виконавців в регіональних, обласних, міжнародних та всеукраїнських заходах, фестивалях, конкурсах | Q47: 2026 | R47: Відділ культури | S47: =T47+U47+V47+W47+X47 -> 50 | V47: 50 | Y47: кількість заходів | Z47: 39 од.
B48: 6 | C48: Модернізація культурної інфраструктури: оновлення матеріально-технічної бази закладів культури, придбання комп'ютерної техніки, медіапроєкту та музичної апаратури, оновлення костюмної бази | D48: 2026 | E48: Відділ культури | F48: =G48+H48+I48+J48+K48 -> 100 | I48: 100 | L48: кількість комплектів костюмів, кількість музичних інструментів, кількість оргтехніки | M48: 6 комплектів | O48: 6 | P48: Модернізація культурної інфраструктури: оновлення матеріально-технічної бази закладів культури, придбання комп'ютерної техніки, медіапроєкту та музичної апаратури, оновлення костюмної бази | Q48: 2026 | R48: Відділ культури | S48: =T48+U48+V48+W48+X48 -> 100 | V48: 100 | Y48: кількість комплектів костюмів, кількість музичних інструментів, кількість оргтехніки | Z48: 6 комплектів
C49: КЗ "Слов'янський краєзнавчий музей" | P49: КЗ "Слов'янський краєзнавчий музей"
B50: 1 | C50: Виготовлення землевпорядної документації для оформлення права постійного користування на землю пам'ятки архітектури місцевого значення "Вілла Марії" | D50: 2026 | E50: Відділ культури | F50: =G50+H50+I50+J50+K50 -> 30 | I50: 30 | L50: кількість заходів | M50: 1 од. | O50: 1 | P50: Виготовлення землевпорядної документації для оформлення права постійного користування на землю пам'ятки архітектури місцевого значення "Вілла Марії" | Q50: 2026 | R50: Відділ культури | S50: =T50+U50+V50+W50+X50 -> 30 | V50: 30 | Y50: кількість заходів | Z50: 1 од.
B51: 2 | C51: Розробка проєктно-кошторисної документації на будівництво туалету для КЗ «Слов’янський краєзнавчий музей» | D51: 2026 | E51: Відділ культури | F51: =G51+H51+I51+J51+K51 -> 105 | I51: 105 | L51: кількість заходів | M51: 1 захід | O51: 2 | P51: Розробка проєктно-кошторисної документації на будівництво туалету для КЗ «Слов’янський краєзнавчий музей» | Q51: 2026 | R51: Відділ культури | S51: =T51+U51+V51+W51+X51 -> 105 | V51: 105 | Y51: кількість заходів | Z51: 1 захід
B52: 3 | C52: Розробка архітектурного проєкту на будівництво туалету для КЗ «Слов’янський краєзнавчий музей» | D52: 2026 | E52: Відділ культури | F52: =G52+H52+I52+J52+K52 -> 50 | I52: 50 | L52: кількість заходів | M52: 1 захід | O52: 3 | P52: Розробка архітектурного проєкту на будівництво туалету для КЗ «Слов’янський краєзнавчий музей» | Q52: 2026 | R52: Відділ культури | S52: =T52+U52+V52+W52+X52 -> 50 | V52: 50 | Y52: кількість заходів | Z52: 1 захід
B53: 4 | C53: Будівництво туалету для КЗ «Слов’янський краєзнавчий музей» | D53: 2026 | E53: Відділ культури | F53: =G53+H53+I53+J53+K53 -> 1500 | I53: 1500 | L53: кількість заходів | M53: 1 захід | O53: 4 | P53: Будівництво туалету для КЗ «Слов’янський краєзнавчий музей» | Q53: 2026 | R53: Відділ культури | S53: =T53+U53+V53+W53+X53 -> 1500 | V53: 1500 | Y53: кількість заходів | Z53: 1 захід
B54: 5 | C54: Розробка власного логотипу,розробка форменої одежі та її пошиття для працівників КЗ «Слов’янський краєзнавчий музей» | D54: 2026 | E54: Відділ культури | F54: =G54+H54+I54+J54+K54 -> 80 | I54: 80 | L54: кількість комплектів | M54: 13 одиниць | O54: 5 | P54: Розробка власного логотипу,розробка форменої одежі та її пошиття для працівників КЗ «Слов’янський краєзнавчий музей» | Q54: 2026 | R54: Відділ культури | S54: =T54+U54+V54+W54+X54 -> 80 | V54: 80 | Y54: кількість комплектів | Z54: 13 одиниць
B55: 6 | C55: Придбання модулів газового пожежогасіння „Імпульс“-20“та супутнього обладнання для їх установки | D55: 2026 | E55: Відділ культури | F55: =G55+H55+I55+J55+K55 -> 350 | I55: 350 | L55: кількість одиниць | M55: 4 модулі | O55: 6 | P55: Придбання модулів газового пожежогасіння „Імпульс“-20“та супутнього обладнання для їх установки | Q55: 2026 | R55: Відділ культури | S55: =T55+U55+V55+W55+X55 -> 350 | V55: 350 | Y55: кількість одиниць | Z55: 4 модулі
B56: 7 | C56: Монтаж та обслуговування модулів газового пожежогасіння „Імпульс“-20“ | D56: 2026 | E56: Відділ культури | F56: =G56+H56+I56+J56+K56 -> 250 | I56: 250 | L56: кількість одиниць | M56: 4 модулі | O56: 7 | P56: Монтаж та обслуговування модулів газового пожежогасіння „Імпульс“-20“ | Q56: 2026 | R56: Відділ культури | S56: =T56+U56+V56+W56+X56 -> 250 | V56: 250 | Y56: кількість одиниць | Z56: 4 модулі
C57: КЗ "Централізована система публічних бібліотек м.Слов'янська" | P57: КЗ "Централізована система публічних бібліотек м.Слов'янська"
B58: 1 | C58: Створення умов для забезпечення інформаційного простору громади, придбання літератури, проведення передплати періодичних видань для бібліотек територіальної громади | D58: 2026 | E58: Відділ культури | F58: =G58+H58+I58+J58+K58 -> 300 | I58: 300 | L58: кількість екземплярів, підписано комплектів | M58: 290 екз. 250 комплектів | O58: 1 | P58: Створення умов для забезпечення інформаційного простору громади, придбання літератури, проведення передплати періодичних видань для бібліотек територіальної громади | Q58: 2026 | R58: Відділ культури | S58: =T58+U58+V58+W58+X58 -> 300 | V58: 300 | Y58: кількість екземплярів, підписано комплектів | Z58: 290 екз. 250 комплектів
B59: 2 | C59: Коригування проєктно-кошторисної документації по об'єкту: "Капітальний ремонт будівлі Центральної бібліотеки КЗ "ЦСПБ м. Слов'янська" за адресою: м.Слов'янськ, пл.Соборна,2А" | D59: 2026 | E59: Відділ культури, управління житлово-комунального господарства | F59: =G59+H59+I59+J59+K59 -> 150 | I59: 150 | L59: кількість ПКД | M59: 1 од. | O59: 2 | P59: Коригування проєктно-кошторисної документації по об'єкту: "Капітальний ремонт будівлі Центральної бібліотеки КЗ "ЦСПБ м. Слов'янська" за адресою: м.Слов'янськ, пл.Соборна,2А" | Q59: 2026 | R59: Відділ культури, управління житлово-комунального господарства | S59: =T59+U59+V59+W59+X59 -> 150 | V59: 150 | Y59: кількість ПКД | Z59: 1 од.
C60: КЗ "Центр культури і довкілля м.Слов'янська" | P60: КЗ "Центр культури і довкілля м.Слов'янська"
B61: 1 | C61: Розробка проєктно-кошторисної документації по об'єкту: "Капітальний ремонт приміщення Андріївського селищного клубу" | D61: 2026 | E61: Відділ культури, управління житлово-комунального господарства | F61: =G61+H61+I61+J61+K61 -> 300 | I61: 300 | L61: кількість ПКД | M61: 1 од. | O61: 1 | P61: Розробка проєктно-кошторисної документації по об'єкту: "Капітальний ремонт приміщення Андріївського селищного клубу" | Q61: 2026 | R61: Відділ культури, управління житлово-комунального господарства | S61: =T61+U61+V61+W61+X61 -> 300 | V61: 300 | Y61: кількість ПКД | Z61: 1 од.
B62: 2 | C62: Розробка проєктно-кошторисної документації по об'єкту: "Капітальний ремонт приміщення Мирненського селищного клубу" | D62: 2026 | E62: Відділ культури, управління житлово-комунального господарства | F62: =G62+H62+I62+J62+K62 -> 300 | I62: 300 | L62: кількість ПКД | M62: 1 од. | O62: 2 | P62: Розробка проєктно-кошторисної документації по об'єкту: "Капітальний ремонт приміщення Мирненського селищного клубу" | Q62: 2026 | R62: Відділ культури, управління житлово-комунального господарства | S62: =T62+U62+V62+W62+X62 -> 300 | V62: 300 | Y62: кількість ПКД | Z62: 1 од.
B63: 3 | C63: Виготовлення проєктно-кошторисної документації по об'єкту: "Капітальний ремонт нежитлової будівлі за адресою: м.Слов'янськ вул.Батюка,24б" | D63: 2026 | E63: Відділ культури, управління житлово-комунального господарства | F63: =G63+H63+I63+J63+K63 -> 600 | I63: 600 | L63: кількість ПКД | M63: 1 од. | O63: 3 | P63: Виготовлення проєктно-кошторисної документації по об'єкту: "Капітальний ремонт нежитлової будівлі за адресою: м.Слов'янськ вул.Батюка,24б" | Q63: 2026 | R63: Відділ культури, управління житлово-комунального господарства | S63: =T63+U63+V63+W63+X63 -> 600 | V63: 600 | Y63: кількість ПКД | Z63: 1 од.
B64: 4 | C64: Коригування проєктно-кошторисної документації по об'єкту "Капітальний ремонт будівлі будинку культури сел.Семенівка за адресою: м.Слов'янськ, вул.Весняна,23" | D64: 2026 | E64: Відділ культури, управління житлово-комунального господарства | F64: =G64+H64+I64+J64+K64 -> 270 | I64: 270 | L64: кількість ПКД | M64: 1 од. | O64: 4 | P64: Коригування проєктно-кошторисної документації по об'єкту "Капітальний ремонт будівлі будинку культури сел.Семенівка за адресою: м.Слов'янськ, вул.Весняна,23" | Q64: 2026 | R64: Відділ культури, управління житлово-комунального господарства | S64: =T64+U64+V64+W64+X64 -> 270 | V64: 270 | Y64: кількість ПКД | Z64: 1 од.
B65: 5 | C65: Будівництво спортивних майданчиків за адресою: м.Слов'янськ, вул.Весняна,23 (поряд з будинком культури сел.Семенівка), (у т.ч.виготовлення проєктно-кошторисної документації) | D65: 2026 | E65: Відділ культури, управління житлово-комунального господарства | F65: =G65+H65+I65+J65+K65 -> 300 | I65: 300 | L65: кількість об'єктів для відновлення фізичних сил громади | M65: 4 од. | O65: 5 | P65: Будівництво спортивних майданчиків за адресою: м.Слов'янськ, вул.Весняна,23 (поряд з будинком культури сел.Семенівка), (у т.ч.виготовлення проєктно-кошторисної документації) | Q65: 2026 | R65: Відділ культури, управління житлово-комунального господарства | S65: =T65+U65+V65+W65+X65 -> 300 | V65: 300 | Y65: кількість об'єктів для відновлення фізичних сил громади | Z65: 4 од.
C66: КПСМНЗ "Школа мистецтв м.Слов'янська" | P66: КПСМНЗ "Школа мистецтв м.Слов'янська"
B67: 1 | C67: Коригування проєктно-кошторисної документації по об'єкту: "Капітальний ремонт нежитлової будівлі КПСМНЗ (школа естетичного виховання) "Школа мистецтв м.Слов'янська", розташованої по вул.Поштова,13 в м.Слов'янську Донецької області" | D67: 2026 | E67: Відділ культури, управління житлово-комунального господарства | F67: =G67+H67+I67+J67+K67 -> 150 | I67: 150 | L67: кількість ПКД | M67: 1 од. | O67: 1 | P67: Коригування проєктно-кошторисної документації по об'єкту: "Капітальний ремонт нежитлової будівлі КПСМНЗ (школа естетичного виховання) "Школа мистецтв м.Слов'янська", розташованої по вул.Поштова,13 в м.Слов'янську Донецької області" | Q67: 2026 | R67: Відділ культури, управління житлово-комунального господарства | S67: =T67+U67+V67+W67+X67 -> 150 | V67: 150 | Y67: кількість ПКД | Z67: 1 од.
B68: 2 | C68: Придбання музичних інструментів | D68: 2026 | E68: Відділ культури | F68: =G68+H68+I68+J68+K68 -> 950 | I68: 950 | L68: кількість одиниць | M68: 35 од. інструментів, 5 од. мультимедійних дощок | O68: 2 | P68: Придбання музичних інструментів | Q68: 2026 | R68: Відділ культури | S68: =T68+U68+V68+W68+X68 -> 950 | V68: 950 | Y68: кількість одиниць | Z68: 35 од. інструментів, 5 од. мультимедійних дощок
B69: 3 | C69: Здійснення заходів щодо посилення протипожежного захисту закладів культури | D69: 2026 | E69: Відділ культури | O69: 3 | P69: Здійснення заходів щодо посилення протипожежного захисту закладів культури | Q69: 2026 | R69: Відділ культури
B70: 3.1 | C70: Перезарядка 67 вогнегасників | D70: 2026 | E70: Відділ культури | F70: =G70+H70+I70+J70+K70 -> 13.4 | I70: 13.4 | L70: кількість вогнегасників | M70: 67 од. | O70: 3.1 | P70: Перезарядка 67 вогнегасників | Q70: 2026 | R70: Відділ культури | S70: =T70+U70+V70+W70+X70 -> 13.4 | V70: 13.4 | Y70: кількість вогнегасників | Z70: 67 од.
B71: 3.2 | C71: Замір опору ізоляції | D71: 2026 | E71: Відділ культури | F71: =G71+H71+I71+J71+K71 -> 48.2 | I71: 48.2 | L71: кількість об'єктів | M71: 12 од. | O71: 3.2 | P71: Замір опору ізоляції | Q71: 2026 | R71: Відділ культури | S71: =T71+U71+V71+W71+X71 -> 48.2 | V71: 48.2 | Y71: кількість об'єктів | Z71: 12 од.
B72: 3.3 | C72: Забезпечення шляхів евакуації освітленням | D72: 2026 | E72: Відділ культури | F72: =G72+H72+I72+J72+K72 -> 41.7 | I72: 41.7 | L72: кількість об'єктів | M72: 2 од. | O72: 3.3 | P72: Забезпечення шляхів евакуації освітленням | Q72: 2026 | R72: Відділ культури | S72: =T72+U72+V72+W72+X72 -> 41.7 | V72: 41.7 | Y72: кількість об'єктів | Z72: 2 од.
B73: 3.4 | C73: Встановлення сертифікованих дверей | D73: 2026 | E73: Відділ культури | F73: =G73+H73+I73+J73+K73 -> 18.2 | I73: 18.2 | L73: кількість дверей | M73: 2 од. | O73: 3.4 | P73: Встановлення сертифікованих дверей | Q73: 2026 | R73: Відділ культури | S73: =T73+U73+V73+W73+X73 -> 18.2 | V73: 18.2 | Y73: кількість дверей | Z73: 2 од.
B74: 3.5 | C74: Придбання вогнегасників | D74: 2026 | E74: Відділ культури | F74: =G74+H74+I74+J74+K74 -> 11.95 | I74: 11.95 | L74: кількість об'єктів | M74: 4 од. | O74: 3.5 | P74: Придбання вогнегасників | Q74: 2026 | R74: Відділ культури | S74: =T74+U74+V74+W74+X74 -> 11.95 | V74: 11.95 | Y74: кількість об'єктів | Z74: 4 од.
B75: 3.6 | C75: Придбання та комплектація пожежних щитів | D75: 2026 | E75: Відділ культури | F75: =G75+H75+I75+J75+K75 -> 21.5 | I75: 21.5 | L75: кількість пожежних щитів | M75: 3 од. | O75: 3.6 | P75: Придбання та комплектація пожежних щитів | Q75: 2026 | R75: Відділ культури | S75: =T75+U75+V75+W75+X75 -> 21.5 | V75: 21.5 | Y75: кількість пожежних щитів | Z75: 3 од.
B76: 3.7 | C76: Обладнання системою протипожежного захисту | D76: 2026 | E76: Відділ культури | F76: =G76+H76+I76+J76+K76 -> 1086.7 | I76: 1086.7 | L76: кількість об'єктів | M76: 12 од. | O76: 3.7 | P76: Обладнання системою протипожежного захисту | Q76: 2026 | R76: Відділ культури | S76: =T76+U76+V76+W76+X76 -> 1086.7 | V76: 1086.7 | Y76: кількість об'єктів | Z76: 12 од.
B77: 3.8 | C77: Забезпечення засобами індивідуального захисту | D77: 2026 | E77: Відділ культури | F77: =G77+H77+I77+J77+K77 -> 76.2 | I77: 76.2 | L77: кількість об'єктів | M77: 4 од. | O77: 3.8 | P77: Забезпечення засобами індивідуального захисту | Q77: 2026 | R77: Відділ культури | S77: =T77+U77+V77+W77+X77 -> 76.2 | V77: 76.2 | Y77: кількість об'єктів | Z77: 4 од.
B78: 3.9 | C78: Придбання та ремонт електрообладнання | D78: 2026 | E78: Відділ культури | F78: =G78+H78+I78+J78+K78 -> 13.25 | I78: 13.25 | L78: кількість об'єктів | M78: 4 од. | O78: 3.9 | P78: Придбання та ремонт електрообладнання | Q78: 2026 | R78: Відділ культури | S78: =T78+U78+V78+W78+X78 -> 13.25 | V78: 13.25 | Y78: кількість об'єктів | Z78: 4 од.
B79: 3.10 | C79: Ремонт внутрішнього протипожежного водогону | D79: 2026 | E79: Відділ культури | F79: =G79+H79+I79+J79+K79 -> 11.7 | I79: 11.7 | L79: кількість об'єктів | M79: 2 од. | O79: 3.10 | P79: Ремонт внутрішнього протипожежного водогону | Q79: 2026 | R79: Відділ культури | S79: =T79+U79+V79+W79+X79 -> 11.7 | V79: 11.7 | Y79: кількість об'єктів | Z79: 2 од.
B80: 3.11 | C80: Обладнання евакуаційним виходом | D80: 2026 | E80: Відділ культури | F80: =G80+H80+I80+J80+K80 -> 22.2 | I80: 22.2 | L80: кількість об'єктів | M80: 4 од. | O80: 3.11 | P80: Обладнання евакуаційним виходом | Q80: 2026 | R80: Відділ культури | S80: =T80+U80+V80+W80+X80 -> 22.2 | V80: 22.2 | Y80: кількість об'єктів | Z80: 4 од.
B81: 3.12 | C81: Демонтаж облицювання стін | D81: 2026 | E81: Відділ культури | F81: =G81+H81+I81+J81+K81 -> 15.7 | I81: 15.7 | O81: 3.12 | P81: Демонтаж облицювання стін | Q81: 2026 | R81: Відділ культури | S81: =T81+U81+V81+W81+X81 -> 15.7 | V81: 15.7
B82: 3.13 | C82: Навчання та перевірка знань з пожежної безпеки | D82: 2026 | E82: Відділ культури | F82: =G82+H82+I82+J82+K82 -> 10.75 | I82: 10.75 | L82: кількість керівників | M82: 8 осіб | O82: 3.13 | P82: Навчання та перевірка знань з пожежної безпеки | Q82: 2026 | R82: Відділ культури | S82: =T82+U82+V82+W82+X82 -> 10.75 | V82: 10.75 | Y82: кількість керівників | Z82: 8 осіб
B83: 3.14 | C83: Обробка дерев'яних елементів | D83: 2026 | E83: Відділ культури | F83: =G83+H83+I83+J83+K83 -> 62.95 | I83: 62.95 | L83: кількість об'єктів | M83: 3 од. | O83: 3.14 | P83: Обробка дерев'яних елементів | Q83: 2026 | R83: Відділ культури | S83: =T83+U83+V83+W83+X83 -> 62.95 | V83: 62.95 | Y83: кількість об'єктів | Z83: 3 од.
B84: 3.15 | C84: Забезпечення знаками безпеки | D84: 2026 | E84: Відділ культури | F84: =G84+H84+I84+J84+K84 -> 19.45 | I84: 19.45 | L84: кількість об'єктів | M84: 5 од. | O84: 3.15 | P84: Забезпечення знаками безпеки | Q84: 2026 | R84: Відділ культури | S84: =T84+U84+V84+W84+X84 -> 19.45 | V84: 19.45 | Y84: кількість об'єктів | Z84: 5 од.
B85: 3.16 | C85: Заходи протипожежного захисту закладів культури територіальної громади | D85: 2026 | E85: Відділ культури, підпорядковані заклади культури | F85: =G85+H85+I85+J85+K85 -> 52 | I85: 52 | L85: кількість вогнегасників, кількість систем оповіщення | M85: 4 од. 1 система | O85: 3.16 | P85: Заходи протипожежного захисту закладів культури територіальної громади | Q85: 2026 | R85: Відділ культури, підпорядковані заклади культури | S85: =T85+U85+V85+W85+X85 -> 52 | V85: 52 | Y85: кількість вогнегасників, кількість систем оповіщення | Z85: 4 од. 1 система
C86: КП "Парк культури і відпочинку" міста Слов'янська | P86: КП "Парк культури і відпочинку" міста Слов'янська
B87: 1 | C87: Забезпечення діяльності та розвиток КП "Парк культури і відпочинку" м.Слов'янська | D87: 2026 | E87: Відділ культури | F87: =G87+H87+I87+J87+K87 -> 1240 | I87: 1240 | L87: кількість збережених робочих місць | M87: 12 од. | O87: 1 | P87: Забезпечення діяльності та розвиток КП "Парк культури і відпочинку" м.Слов'янська | Q87: 2026 | R87: Відділ культури | S87: =T87+U87+V87+W87+X87 -> 1240 | V87: 1240 | Y87: кількість збережених робочих місць | Z87: 12 од.
B88: 2 | C88: Придбання та монтаж спортивного секційного огородження на спортивному майданчику КП "Парк культури і відпочинку" м.Слов'янська | D88: 2026 | E88: Відділ культури | F88: =G88+H88+I88+J88+K88 -> 300 | I88: 300 | L88: кількість об'єктів | M88: 1 од. | O88: 2 | P88: Придбання та монтаж спортивного секційного огородження на спортивному майданчику КП "Парк культури і відпочинку" м.Слов'янська | Q88: 2026 | R88: Відділ культури | S88: =T88+U88+V88+W88+X88 -> 300 | V88: 300 | Y88: кількість об'єктів | Z88: 1 од.
B89: 3 | C89: Придбання та монтаж модулів для майданчика скейтборду КП "Парк культури і відпочинку" м.Слов'янська | D89: 2026 | E89: Відділ культури | F89: =G89+H89+I89+J89+K89 -> 550 | I89: 550 | L89: кількість об'єктів, в яких буде придбано модулі | M89: 6 од. | O89: 3 | P89: Придбання та монтаж модулів для майданчика скейтборду КП "Парк культури і відпочинку" м.Слов'янська | Q89: 2026 | R89: Відділ культури | S89: =T89+U89+V89+W89+X89 -> 550 | V89: 550 | Y89: кількість об'єктів, в яких буде придбано модулі | Z89: 6 од.
B90: 4 | C90: Виготовлення проєктно-кошторисної документації по об'єкту: "Капітальний ремонт "Читального павільйону" КП "Парк культури і відпочинку" м.Слов'янська | D90: 2026 | E90: Відділ культури, управління житлово-комунального господарства | F90: =G90+H90+I90+J90+K90 -> 650 | I90: 650 | L90: кількість об'єктів | M90: 1 од. | O90: 4 | P90: Виготовлення проєктно-кошторисної документації по об'єкту: "Капітальний ремонт "Читального павільйону" КП "Парк культури і відпочинку" м.Слов'янська | Q90: 2026 | R90: Відділ культури, управління житлово-комунального господарства | S90: =T90+U90+V90+W90+X90 -> 650 | V90: 650 | Y90: кількість об'єктів | Z90: 1 од.
B91: 5 | C91: Обстеження і монтаж атракціону "Автотрек" в "Читальному павільйоні" КП "Парк культури і відпочинку" м.Слов'янська | D91: 2026 | E91: Відділ культури | F91: =G91+H91+I91+J91+K91 -> 250 | I91: 250 | M91: 1 од. | O91: 5 | P91: Обстеження і монтаж атракціону "Автотрек" в "Читальному павільйоні" КП "Парк культури і відпочинку" м.Слов'янська | Q91: 2026 | R91: Відділ культури | S91: =T91+U91+V91+W91+X91 -> 250 | V91: 250 | Z91: 1 од.
A92: 2.3.2 Стимулювання ефективного та комплексного використання туристичного та курортно-рекреаційного потенціалу | B92: 1 | C92: Створення та поширення рекламної та сувенірної туристичної продукції | D92: 2026 | E92: Управління економічного та інвестиційного розвитку | F92: =G92+H92+I92+J92+K92 -> 100 | I92: 100 | L92: кількість продукції | M92: 500 од. | N92: 2.3.2 Стимулювання ефективного та комплексного використання туристичного та курортно-рекреаційного потенціалу | O92: 1 | P92: Створення та поширення рекламної та сувенірної туристичної продукції | Q92: 2026 | R92: Управління економічного та інвестиційного розвитку | S92: =T92+U92+V92+W92+X92 -> 100 | V92: 100 | Y92: кількість продукції | Z92: 500 од.
C93: Усього по Розділу 12 | F93: =G93+H93+I93+J93+K93 -> 11505.85 | G93: =SUM(G43:G92) -> 0 | H93: =SUM(H43:H92) -> 0 | I93: =SUM(I43:I92) -> 11505.85 | J93: =SUM(J43:J92) -> 0 | K93: =SUM(K43:K92) -> 0 | P93: Усього по Розділу 12 | S93: =T93+U93+V93+W93+X93 -> 11505.85 | T93: =SUM(T43:T92) -> 0 | U93: =SUM(U43:U92) -> 0 | V93: =SUM(V43:V92) -> 11505.85 | W93: =SUM(W43:W92) -> 0 | X93: =SUM(X43:X92) -> 0
A94: Ціль 3. Ефективне управління та безпека в умовах зовнішніх і внутрішніх викликів | N94: Ціль 3. Ефективне управління та безпека в умовах зовнішніх і внутрішніх викликів
A95: 13. Захист населення і територій від надзвичайних ситуацій | N95: 13. Захист населення і територій від надзвичайних ситуацій
A96: 3.1.1 Підвищення спроможності регіону попереджувати, реагувати та ліквідовувати наслідки надзвичайних ситуацій | B96: 1 | C96: Забезпечення надійного та своєчасного оповіщення відповідних служб, посадових осіб та населення громади про загрозу виникнення або виникнення надзвичайних ситуацій | D96: 2026 | E96: Слов’янська міська військова адміністрація, управління житлово-комунального господарства, відділ з питань цивільного захисту, мобілізаційної та оборонної роботи | F96: =G96+H96+I96+J96+K96 -> 2000 | I96: 2000 | L96: створена місцева автоматизована система централізо-ваного оповіщення | M96: 1 од. | N96: 3.1.1 Підвищення спроможності регіону попереджувати, реагувати та ліквідовувати наслідки надзвичайних ситуацій | O96: 1 | P96: Забезпечення надійного та своєчасного оповіщення відповідних служб, посадових осіб та населення громади про загрозу виникнення або виникнення надзвичайних ситуацій | Q96: 2026 | R96: Слов’янська міська військова адміністрація, управління житлово-комунального господарства, відділ з питань цивільного захисту, мобілізаційної та оборонної роботи | S96: =T96+U96+V96+W96+X96 -> 2000 | V96: 2000 | Y96: створена місцева автоматизована система централізо-ваного оповіщення | Z96: 1 од.
B97: 2 | C97: Розробка проєктно-кошторисної документації по об’єкту «Будівництво місцевої автоматизованої системи централізованого оповіщення населення про загрозу виникнення або виникнення надзвичайних ситуацій на території Слов'янської міської територіальної громади» | D97: 2026 | E97: Слов'янська міська військова адміністрація Краматорського району Донецької області, управління житлово-комунального господарства, відділ з питань цивільного захисту, мобілізаційної та оборонної роботи | F97: =G97+H97+I97+J97+K97 -> 400 | I97: 400 | L97: кількість ПКД з позитивним експертним звітом | M97: 1 од. | O97: 2 | P97: Розробка проєктно-кошторисної документації по об’єкту «Будівництво місцевої автоматизованої системи централізованого оповіщення населення про загрозу виникнення або виникнення надзвичайних ситуацій на території Слов'янської міської територіальної громади» | Q97: 2026 | R97: Слов'янська міська військова адміністрація Краматорського району Донецької області, управління житлово-комунального господарства, відділ з питань цивільного захисту, мобілізаційної та оборонної роботи | S97: =T97+U97+V97+W97+X97 -> 400 | V97: 400 | Y97: кількість ПКД з позитивним експертним звітом | Z97: 1 од.
B98: 3 | C98: Здійснення заходів спрямованих на захист населення і територій від надзвичайних ситуацій: створення і використання матеріального резерву; організація та забезпечення життєдіяльності населення від надзвичайних ситуацій, а також під час ведення воєнних (бойових) дій або внаслідок таких дій | D98: 2026 | E98: Слов’янська міська військова адміністрація Краматорського району Донецької області, відділ з питань цивільного захисту, мобілізаційної та оборонної роботи, міські спеціалізовані служби цивільного захисту, управління житлово-комунального господарства | F98: =G98+H98+I98+J98+K98 -> 10000 | I98: 10000 | L98: створений міський матеріальний резерв для запобігання і ліквідації наслідків НС, у тому числі заправка автотранспорту, забезпечено харчування населення, формувань цивільного захисту | M98: 46 од. 5700 осіб 35 осіб | O98: 3 | P98: Здійснення заходів спрямованих на захист населення і територій від надзвичайних ситуацій: створення і використання матеріального резерву; організація та забезпечення життєдіяльності населення від надзвичайних ситуацій, а також під час ведення воєнних (бойових) дій або внаслідок таких дій | Q98: 2026 | R98: Слов’янська міська військова адміністрація Краматорського району Донецької області, відділ з питань цивільного захисту, мобілізаційної та оборонної роботи, міські спеціалізовані служби цивільного захисту, управління житлово-комунального господарства | S98: =T98+U98+V98+W98+X98 -> 10000 | V98: 10000 | Y98: створений міський матеріальний резерв для запобігання і ліквідації наслідків НС, у тому числі заправка автотранспорту, забезпечено харчування населення, формувань цивільного захисту | Z98: 46 од. 5700 осіб 35 осіб
B99: 4 | C99: Приведення в готовність захисних споруд цивільного захисту, обладнання найпростіших укриттів для укриття населення міста у тому числі осіб з інвалідністю, жінок та чоловіків з дітьми, людей похилого віку та інших вразливих груп населення | D99: 2026 | E99: Слов’янська міська військова адміністрація Краматорського району Донецької області, управління житлово-комунального господарства, відділ з питань цивільного захисту, мобілізаційної та оборонної роботи | F99: =G99+H99+I99+J99+K99 -> 300 | I99: 300 | L99: приведено у готовність захисні споруди до прийому населення міста у тому числі осіб з інвалідністю, жінок та чоловіків з дітьми, людей похилого віку та інших вразливих груп населення | M99: 5 од. на 775 осіб | O99: 4 | P99: Приведення в готовність захисних споруд цивільного захисту, обладнання найпростіших укриттів для укриття населення міста у тому числі осіб з інвалідністю, жінок та чоловіків з дітьми, людей похилого віку та інших вразливих груп населення | Q99: 2026 | R99: Слов’янська міська військова адміністрація Краматорського району Донецької області, управління житлово-комунального господарства, відділ з питань цивільного захисту, мобілізаційної та оборонної роботи | S99: =T99+U99+V99+W99+X99 -> 300 | V99: 300 | Y99: приведено у готовність захисні споруди до прийому населення міста у тому числі осіб з інвалідністю, жінок та чоловіків з дітьми, людей похилого віку та інших вразливих груп населення | Z99: 5 од. на 775 осіб
B100: 5 | C100: Забезпечення сталого управління, організації зв’язку з ЗПУ, створення умов нормальної працездатності та життєдіяльності на ЗПУ в особливий період | D100: 2026 | E100: Слов’янська міська військова адміністрація Краматорського району Донецької області, відділ з питань цивільного захисту, мобілізаційної та оборонної роботи | F100: =G100+H100+I100+J100+K100 -> 100 | I100: 100 | L100: укриття керівного складу територіаль-ної громади придбання: - ноутбуків - дизель-генератора - ручних радіостанцій | M100: 30 осіб 2 од. 1 од. 4 од. | O100: 5 | P100: Забезпечення сталого управління, організації зв’язку з ЗПУ, створення умов нормальної працездатності та життєдіяльності на ЗПУ в особливий період | Q100: 2026 | R100: Слов’янська міська військова адміністрація Краматорського району Донецької області, відділ з питань цивільного захисту, мобілізаційної та оборонної роботи | S100: =T100+U100+V100+W100+X100 -> 100 | V100: 100 | Y100: укриття керівного складу територіаль-ної громади придбання: - ноутбуків - дизель-генератора - ручних радіостанцій | Z100: 30 осіб 2 од. 1 од. 4 од.
B101: 6 | C101: Створення умов безпеки для непрацюючого населення, яке проживає у прогнозованих зонах хімічного забруднення та в зоні можливого хімічного забруднення на території територіальної громади | D101: 2026 | E101: Слов’янська міська військова адміністрація, відділ з питань цивільного захисту, мобілізаційної та оборонної роботи | F101: =G101+H101+I101+J101+K101 -> 200 | I101: 200 | L101: збережено життя та здоров’я | M101: придбання протигазів на 360 осіб | O101: 6 | P101: Створення умов безпеки для непрацюючого населення, яке проживає у прогнозованих зонах хімічного забруднення та в зоні можливого хімічного забруднення на території територіальної громади | Q101: 2026 | R101: Слов’янська міська військова адміністрація, відділ з питань цивільного захисту, мобілізаційної та оборонної роботи | S101: =T101+U101+V101+W101+X101 -> 200 | V101: 200 | Y101: збережено життя та здоров’я | Z101: придбання протигазів на 360 осіб
...

Sheet зміни згідно р1670 від 14.04.26
K1: Додаток до розпорядження начальника Слов'янської міської військової адміністрації від 14.04.2026 № 1670
A4: Зміни завдань і заходів Програми підтримки та розвитку галузі охорони здоров’я Слов’янської міської територіальної громади на 2024-2026 роки
A5: № і назва завдання Стратегії розвитку Донецької області на період до 2027 року | B5: № з/п | C5: Зміст заходу | D5: Термін виконання | E5: Виконавець | F5: Витрати на реалізацію, тис.грн | L5: Очікуваний результат
F6: Всього | G6: у тому числі за рахунок коштів:
G7: Держав- ного бюджету | H7: місцевих бюджетів | J7: підпри- ємств | K7: інших джерел | L7: найменування показника | M7: значення показника
H8: обласного бюджету | I8: бюджету територіальної громади
A9: 1 | B9: 2 | C9: 3 | D9: 4 | E9: 5 | F9: 6 | G9: 7 | H9: 8 | I9: 9 | J9: 10 | K9: 11 | L9: 12 | M9: 13
A10: 1. У розділ Перелік завдань і заходів Програми підтримки та розвитку галузі охорони здоров’я Слов’янської міської територіальної громади на 2024-2026 роки внести такі зміни:
A11: 1) додати завдання 2.2.1. "Підтримка релокованих закладів освіти, охорони здоров'я, культури, спорту, соціального захисту населення, центрів надання адміністративних послуг та відновлення їх діяльності на території області після завешення бойових дій" захід 1 "Надання фінансової підтримки КНП СМР "Центр первинної медико-санітарної допомоги м. Слов'янська" на виконання заходів із забезпечення функціонування (діяльності) закладу переміщеного до більш безпечного регіону України (видатки на оплату праці,видатки на енергоносії, закупівля предметів, матеріалів, оплата послуг крім комунальних)."
A12: 2.2.1. Підтримка релокованих закладів освіти, охорони здоров'я, культури, спорту, соціального захисту населення, центрів надання адміністративних послуг та відновлення їх діяльності на території області після завешення бойових дій | B12: 1 | C12: Надання фінансової підтримки КНП СМР "Центр первинної медико-санітарної допомоги м. Слов'янська" на виконання заходів із забезпечення функціонування (діяльності) закладу переміщеного до більш безпечного регіону України (видатки на оплату праці,видатки на енергоносії, закупівля предметів, матеріалів, оплата послуг крім комунальних). | D12: 2024
D13: 2025
D14: 2026 | E14: Відділ охорони здоров'я, КНП СМР "ЦПМСД" | F14: =G14+H14+I14+J14+K14 -> 3020.344 | G14: 0 | H14: 0 | I14: 3020.344 | J14: 0 | K14: 0 | L14: кількість підприємств | M14: 1
A15: 2) Рядок «РАЗОМ» викласти в такій редакції:
A16: РАЗОМ | D16: 2024 | F16: =G16+H16+I16+J16+K16 -> 97696.2 | G16: 4509 | H16: 0 | I16: 74720.2 | J16: 3901 | K16: 14566
D17: 2025 | F17: =G17+H17+I17+J17+K17 -> 101965.92 | G17: 4555 | H17: 0 | I17: 78780.92 | J17: 4031 | K17: 14599
D18: 2026 | F18: =G18+H18+I18+J18+K18 -> 86418.294 | G18: 0 | H18: 0 | I18: =66503.35+3020.344 -> 69523.694 | J18: 0 | K18: 16894.6
D19: 2024-2026 | F19: =G19+H19+I19+J19+K19 -> 286080.41 | G19: =G16+G17+G18 -> 9064 | H19: =H16+H17+H18 -> 0 | I19: =I16+I17+I18 -> 223024.81 | J19: =J16+J17+J18 -> 7932 | K19: =K16+K17+K18 -> 46059.6
A21: Начальник відділу охорони здоров'я Слов'янської міської ВА | G21: Марина ПОРОХНЯК

Sheet Лист1
M1: Додаток
M2: до Програми
A4: Перелік завдань і заходів Програми підтримки та розвитку галузі охорони здоров’я Слов’янської міської територіальної громади на 2024-2026 роки
A5: Чинна редакція
A6: № і назва завдання Стратегії розвитку Донецької області на період до 2027 року | B6: № з/п | C6: Зміст заходу | D6: Термін виконання | E6: Виконавець | F6: Витрати на реалізацію, тис.грн | L6: Очікуваний результат
F7: Всього | G7: у тому числі за рахунок коштів:
G8: Держав- ного бюджету | H8: місцевих бюджетів | J8: підпри- ємств | K8: інших джерел | L8: найменування показника | M8: значення показника
H9: обласного бюджету | I9: бюджету територіальної громади
A10: 1 | B10: 2 | C10: 3 | D10: 4 | E10: 5 | F10: 6 | G10: 7 | H10: 8 | I10: 9 | J10: 10 | K10: 11 | L10: 12 | M10: 13
A11: 2.2.1 Підвищення якості та загальної доступності медичних послуг у містах та сільській місцевості
A12: 2.2.2 Посилення профілактичних заходів з упередження захворюваності населення
A13: 2.2.3 Підвищення якості та загальної доступності медичних послуг у містах та сільській місцевості
A18: Нова редакція
A19: № і назва завдання Стратегії розвитку Донецької області на період до 2027 року | B19: № з/п | C19: Зміст заходу | D19: Термін виконання | E19: Виконавець | F19: Витрати на реалізацію, тис.грн | L19: Очікуваний результат
F20: Всього | G20: у тому числі за рахунок коштів:
G21: Держав- ного бюджету | H21: місцевих бюджетів | J21: підпри- ємств | K21: інших джерел | L21: найменування показника | M21: значення показника
H22: обласного бюджету | I22: бюджету територіальної громади
A23: 1 | B23: 2 | C23: 3 | D23: 4 | E23: 5 | F23: 6 | G23: 7 | H23: 8 | I23: 9 | J23: 10 | K23: 11 | L23: 12 | M23: 13
A24: 2.1.2. Забезпечення доступності медичних, спортивних, культурних послуг для населення з урахуванням безпекових викликів

Sheet мкл
M1: Додаток 2
M2: до Програми
A4: ЗАХОДИ З РЕАЛІЗАЦІЇ ПРОГРАМИ
A5: № і назва завдання Стратегії розвитку Донецької області на період до 2027 року | B5: № з/п | C5: Зміст заходу | D5: Термін виконан- ня | E5: Виконавець | F5: Витрати на реалізацію, тис.грн | L5: Очікуваний результат
F6: Всього | G6: у тому числі за рахунок коштів:
G7: Держав- ного бюджету | H7: місцевих бюджетів | J7: підпри- ємств | K7: інших джерел | L7: найменування показника | M7: значення показника
H8: обласного бюджету | I8: бюджету територіальної громади
A9: 1 | B9: 2 | C9: 3 | D9: 4 | E9: 5 | F9: 6 | G9: 7 | H9: 8 | I9: 9 | J9: 10 | K9: 11 | L9: 12 | M9: 13
A10: 2.2.1 Підвищення якості та загальної доступності медичних послуг у містах та сільській місцевості | C10: Удосконалення кадрової політики | P10: цпмсд | Q10: мкл | R10: гб1
B11: 1 | C11: Перепідготовка кадрів для центру первинної медико-санітарної допомоги, комунальних некомерційних підприємств | D11: 2024 | E11: Відділ охорони здоров'я | F11: =G11+H11+I11+J11+K11 -> 132 | I11: 72 | K11: 60 | L11: кількість лікарів, середніх медпрацівників | M11: ( 1 лікар - навчання на курсах спеціалізації дитяча анестезіологія, 3 лікаря - навчання на курсах спеціалізації терапія) | Q11: Лікарів-1 | R11: 0
D12: 2025 | E12: Відділ охорони здоров'я | F12: =G12+H12+I12+J12+K12 -> 60 | K12: 60 | L12: кількість лікарів, середніх медпрацівників | M12: спеціалізація фізична та реабілітаційна медицина 2 медсестри.
D13: 2026 | E13: Відділ охорони здоров'я | F13: =G13+H13+I13+J13+K13 -> 60 | K13: 60 | L13: кількість лікарів, середніх медпрацівників
B14: 2 | C14: Щомісячні доплати до заробітної плати медичним працівникам (лікарям), що надають первинну медичну допомогу | D14: 2024 | E14: Відділ охорони здоров'я | F14: =G14+H14+I14+J14+K14 -> 0 | L14: кількість лікарів
D15: 2025 | E15: Відділ охорони здоров'я | F15: =G15+H15+I15+J15+K15 -> 0 | L15: кількість лікарів
D16: 2026 | E16: Відділ охорони здоров'я | F16: =G16+H16+I16+J16+K16 -> 0 | L16: кількість лікарів
B17: 3 | C17: Впровадження та розвиток єдиної медичної інформаційної системи охорони здоров'я | D17: 2024 | E17: Відділ охорони здоров'я | F17: =G17+H17+I17+J17+K17 -> 400 | I17: 400 | L17: кількість комп'ютерного оснащення, робочих місць | M17: 20 робочих місць | N17: 4 | P17: 28 раб.места Хелсі, інтернет, придбано 2 ноутбука
D18: 2025 | E18: Відділ охорони здоров'я | F18: =G18+H18+I18+J18+K18 -> 28 | I18: 28 | L18: кількість комп'ютерного оснащення, робочих місць | M18: 20 робочих місць
D19: 2026 | E19: Відділ охорони здоров'я | F19: =G19+H19+I19+J19+K19 -> 0 | I19: 0 | L19: кількість комп'ютерного оснащення, робочих місць | M19: 20 робочих місць
B20: 4 | C20: Підтримка комунальних некомерційних підприємств охорони здоров'я (понад кошти НСЗУ) : - оплата комунальних послуг та енергоносіїв; - медикаментозне та матеріально-технічне забезпечення з урахуванням потреб населення. Закупівля лікарських засобів та перев’язувальних матеріалів; виробів медичного призначення; технічних засобів; дезінфікуючих засобів, проведення поточних ремонтів тощо; -забезпечення проведення харчування на відповідному рівні в умовах стаціонару; -забезпечення закладів охорони здоров’я видатками на оплату праці відповідно до встановлених чинним законодавством умов оплати праці (забезпечення роботи медичної комісії для проведення медичного огляду призовників, працівників бюджетної сфери; утримання штатних посад лікарів-інтернів; забезпечення роботи фізіотерапевтичних поліклінічних відділень та кабінетів; забезпечення роботи «Клініки дружньої до молоді»; забезпечення роботи трансфузіологічного відділення, виплата муніципальної доплати до заробітної плати медичним та іншим працівникам, які безпосередньо зайняті на роботах з ліквідації захворювання серед людей на коронавірусну хворобу (COVID-19)); -безкоштовне надання стоматологічної допомоги дитячому населенню громади; -безкоштовне надання стоматологічних медичних послуг пільговим категоріям населення громади; -забезпечення відшкодування пільгових пенсій при достроковому виході на пенсію | D20: 2024 | E20: Відділ охорони здоров'я | F20: =G20+H20+I20+J20+K20 -> 25027.4 | I20: 25027.4 | L20: кількість підприємств | M20: ЗП та нарахування - 5 458,5 т.грн, пердмети, обл та інвентар - 599,7 т.грн, медикаменти - 1794,2 т.грн, продукти харчування - 1720,6т.грн, оплата послуг крім комунальних - 2878,6т.грн, видатки на відр 50,0т.грн , оплата комун послуг - 11 937,4 т.грн, послуги з проф підготовки спеціалістів з вид сертифікатів - 8,4т.грн, виплата льготної пенсії - 780,0т.грн.) | N20: 5 | R20: Всього ставок :31,75, з них : лікарі - 3,5; середній медпресонал - 20,75; молодший медперсонал - 4,75; фахівці - 1,5; інші - 1,25. КЕКВ 2270 - 857,7; КЕКВ 2220 - 990,1; КЕКВ 2230 - 449,9; КЕКВ 2111 - 1273,5; КЕКВ 2120 - 314,3
D21: 2025 | E21: Відділ охорони здоров'я | F21: =G21+H21+I21+J21+K21 -> 26784.09 | I21: 26784.09 | L21: кількість підприємств | M21: ЗП та нарахування - 5 709,6 т.грн, пердмети, обл та інвентар - 635,68 т.грн, медикаменти - 1901,85 т.грн, продукти харчування - 1823,84т.грн, оплата послуг крім комунальних - 3051,32т.грн, видатки на відр 53,0т.грн , оплата комун послуг - 12773,1 т.грн, послуги з проф підготовки спеціалістів з вид сертифікатів - 8,9т.грн, виплата льготної пенсії - 826,8т.грн.)
D22: 2026 | E22: Відділ охорони здоров'я | F22: =G22+H22+I22+J22+K22 -> 32290 | I22: 32290 | L22: кількість підприємств | M22: ЗП та нарахування - 5 840,6 т.грн, пердмети, обл та інвентар - 641,68 т.грн, медикаменти - 1919,79 т.грн, продукти харчування - 1841,04т.грн, оплата послуг крім комунальних - 3080,1т.грн, видатки на відр 53,5т.грн , оплата комун послуг - 12784 т.грн, послуги з проф підготовки спеціалістів з вид сертифікатів - 8,98т.грн, виплата льготної пенсії - 834,6т.грн.)
B23: 5 | C23: протипожежна безпека | D23: 2024 | E23: Відділ охорони здоров'я | F23: =G23+H23+I23+J23+K23 -> 55.1 | I23: 55.1 | L23: кількість закладів | M23: пожежні крани, рукави - 10шт, обслуговування вогнегасників - 80шт, верифікація вет.кранів - 16шт, перевірка контура заземлення, навчання з питань пожежної безпеки - 6 осіб | N23: 6
D24: 2025 | E24: Відділ охорони здоров'я | F24: =G24+H24+I24+J24+K24 -> 0 | L24: кількість закладів | M24: пожежні крани, рукави - 10шт, обслуговування вогнегасників - 80шт, верифікація вет.кранів - 16шт, перевірка контура заземлення, навчання з питань пожежної безпеки - 6 осіб
D25: 2026 | E25: Відділ охорони здоров'я | F25: =G25+H25+I25+J25+K25 -> 20 | I25: 20 | L25: кількість закладів | M25: пожежні крани, рукави - 10шт, обслуговування вогнегасників - 80шт, верифікація вет.кранів - 16шт, перевірка контура заземлення, навчання з питань пожежної безпеки - 6 осіб
A26: 2.2.2 Посилення профілактичних заходів з упередження захворюваності населення | C26: Забезпечення хворих на ВІЛ-інфекцію і СНІД та профілактика ВІЛ-інфекції
B27: 1 | C27: Придбання тест/систем, реактивів та систем відбору крові задля добровільного консультування і тестування на ВІЛ-інфекцію та обстеження ВІЛ-інфікованих пацієнтів, що перебувають під медичним наглядом | D27: 2024 | E27: Відділ охорони здоров'я | F27: =G27+H27+I27+J27+K27 -> 60 | G27: 20 | I27: 10 | J27: 10 | K27: 20 | L27: кількість | M27: 780 осіб | P27: 270 осіб | R27: 0
D28: 2025 | E28: Відділ охорони здоров'я | F28: =G28+H28+I28+J28+K28 -> 50 | G28: 20 | I28: 0 | J28: 10 | K28: 20 | L28: кількість | M28: 780 осіб
D29: 2026 | E29: Відділ охорони здоров'я | F29: =G29+H29+I29+J29+K29 -> 20 | I29: 0 | K29: 20 | L29: кількість | M29: 780 осіб
B30: 2 | C30: Придбання лікарських засобів задля профілактики та лікування опортуністичних інфекцій, супутніх станів та захворювань у ВІЛ-інфікованих та хворих на СНІД | D30: 2024 | E30: Відділ охорони здоров'я | F30: =G30+H30+I30+J30+K30 -> 100 | I30: 100 | L30: загальна кількість пацієнтів
D31: 2025 | E31: Відділ охорони здоров'я | F31: =G31+H31+I31+J31+K31 -> 0 | I31: 0 | L31: загальна кількість пацієнтів
D32: 2026 | E32: Відділ охорони здоров'я | F32: =G32+H32+I32+J32+K32 -> 0 | I32: 0 | L32: загальна кількість пацієнтів
C33: Забезпечення хворих на туберкульоз та профілактика захворювання | D33: 2026
B34: 1 | C34: Забезпечувати безкоштовною рентген плівкою, реактивами для проведення профоглядів на ТБ осіб з визначених груп "ризику" (в першу чергу - ВІЛ-інфікованих, звільнених з місць позбавлення волі, контактних з вогнищ ТБ, безпритульних) | D34: 2024 | E34: Відділ охорони здоров'я | F34: =G34+H34+I34+J34+K34 -> 0 | L34: кількість рентгенологічних досліджень, бактеріологічних досліджень | R34: 1354 осіб / 6 досліджень
D35: 2025 | E35: Відділ охорони здоров'я | F35: =G35+H35+I35+J35+K35 -> 11 | I35: 11 | L35: кількість рентгенологічних досліджень, бактеріологічних досліджень | P35: 0
D36: 2026 | E36: Відділ охорони здоров'я | F36: =G36+H36+I36+J36+K36 -> 0 | L36: кількість рентгенологічних досліджень, бактеріологічних досліджень
B37: 2 | C37: Забезпечення продовольчими пакетами на амбулаторному лікуванні | D37: 2024 | E37: Відділ охорони здоров'я | F37: =G37+H37+I37+J37+K37 -> 0 | L37: кількість забезпечених | R37: 1354 осіб / 6 досліджень
D38: 2025 | E38: Відділ охорони здоров'я | F38: =G38+H38+I38+J38+K38 -> 0 | L38: кількість забезпечених | P38: 0
D39: 2026 | E39: Відділ охорони здоров'я | F39: =G39+H39+I39+J39+K39 -> 0 | L39: кількість забезпечених
B40: 3 | C40: Забезпечити своєчасне щеплення населення новонароджених від туберкульозу (БЦЖ) | D40: 2024 | E40: Відділ охорони здоров'я | F40: =G40+H40+I40+J40+K40 -> 60 | G40: 50 | K40: 10 | L40: кількість дітей | M40: 300 дітей | P40: 132 | Q40: 130
D41: 2025 | E41: Відділ охорони здоров'я | F41: =G41+H41+I41+J41+K41 -> 60 | G41: 50 | K41: 10 | L41: кількість дітей | M41: 300 дітей
D42: 2026 | E42: Відділ охорони здоров'я | F42: =G42+H42+I42+J42+K42 -> 10 | K42: 10 | L42: кількість дітей | M42: 300 дітей
B43: 4 | C43: Забезпечити туберкуліном та витратними матеріалами для обов'язкової щорічної туберкулінодіагностики дітям 1-14 років, в першу чергу – з груп "ризику" | D43: 2024 | E43: Відділ охорони здоров'я | F43: =G43+H43+I43+J43+K43 -> 0 | L43: кількість дітей, яким встановлено пробу Манту | P43: 0 | T43: 482
D44: 2025 | E44: Відділ охорони здоров'я | F44: =G44+H44+I44+J44+K44 -> 0 | L44: кількість дітей, яким встановлено пробу Манту
D45: 2026 | E45: Відділ охорони здоров'я | F45: =G45+H45+I45+J45+K45 -> 0 | L45: кількість дітей, яким встановлено пробу Манту
B46: 5 | C46: Закуповувати одноразові контейнери для збору мокротиння та транспортувати у бактеріоскопічний пункт | D46: 2024 | E46: Відділ охорони здоров'я | F46: =G46+H46+I46+J46+K46 -> 0 | L46: кількість бактеріоскопічних обстежень на 1000 дорослого населення | P46: 0 | R46: 0 осіб | T46: 730
D47: 2025 | E47: Відділ охорони здоров'я | F47: =G47+H47+I47+J47+K47 -> 18 | I47: 18 | L47: кількість бактеріоскопічних обстежень на 1000 дорослого населення
D48: 2026 | E48: Відділ охорони здоров'я | F48: =G48+H48+I48+J48+K48 -> 0 | L48: кількість бактеріоскопічних обстежень на 1000 дорослого населення
C49: Забезпечення хворих на цукровий та нецукровий діабет | T49: 8
B50: 1 | C50: Цукорознижаючими препаратами та лікарськими засобами хворих на нецукровий діабет | D50: 2024 | E50: Відділ охорони здоров'я | F50: =G50+H50+I50+J50+K50 -> 25 | G50: 0 | I50: 25 | L50: кількість хворих | M50: 490 хворих | Q50: 482 | S50: инсулин в иньекциях получают 482 взросліх и 8 детей, в таблетках 730 взросліх
D51: 2025 | E51: Відділ охорони здоров'я | F51: =G51+H51+I51+J51+K51 -> 33 | G51: 0 | I51: 33 | L51: кількість хворих | M51: 490 хворих
D52: 2026 | E52: Відділ охорони здоров'я | F52: =G52+H52+I52+J52+K52 -> 10 | G52: 0 | I52: 10 | L52: кількість хворих | M52: 490 хворих
B53: 2 | C53: Глюкометрами, в тому числі ланцетами | D53: 2024 | E53: Відділ охорони здоров'я | F53: =G53+H53+I53+J53+K53 -> 17 | G53: 0 | K53: 17 | L53: кількість хворих дітей; вагітних | M53: 200 глюкометрів, 19000 уп тест-смужок | P53: 6 | Q53: Отриманно:92 глюкометрів, 74100 шт тест-смужок,18131 уп-тест-смужок,140 глюкометра видано
D54: 2025 | E54: Відділ охорони здоров'я | F54: =G54+H54+I54+J54+K54 -> 20 | G54: 0 | I54: 20 | L54: кількість хворих дітей; вагітних | M54: 200 глюкометрів, 19000 уп тест-смужок
D55: 2026 | E55: Відділ охорони здоров'я | F55: =G55+H55+I55+J55+K55 -> 0 | L55: кількість хворих дітей; вагітних | M55: 200 глюкометрів, 19000 уп тест-смужок
B56: 3 | C56: Забезпечення дітей, вагітних хворих на цукровий діабет витратними матеріалами (голки, тест-смужки та ін.) | D56: 2024 | E56: Відділ охорони здоров'я | F56: =G56+H56+I56+J56+K56 -> 15 | G56: 15 | L56: кількість хворих дітей; вагітних | P56: 6
D57: 2025 | E57: Відділ охорони здоров'я | F57: =G57+H57+I57+J57+K57 -> 15 | G57: 15 | L57: кількість хворих дітей; вагітних
D58: 2026 | E58: Відділ охорони здоров'я | F58: =G58+H58+I58+J58+K58 -> 0 | L58: кількість хворих дітей; вагітних
C59: Забезпечення хворих на вірусний гепатит С
B60: 1 | C60: Закупівля лікарських засобів | D60: 2024 | E60: Відділ охорони здоров'я | F60: =G60+H60+I60+J60+K60 -> 100 | G60: 100 | L60: кількість хворих | M60: 20 хворих | Q60: 17 | R60: 0 осіб
D61: 2025 | E61: Відділ охорони здоров'я | F61: =G61+H61+I61+J61+K61 -> 131 | G61: 106 | I61: 25 | L61: кількість хворих | M61: 20 хворих
D62: 2026 | E62: Відділ охорони здоров'я | F62: =G62+H62+I62+J62+K62 -> 0 | L62: кількість хворих | M62: 20 хворих
B63: 2 | C63: Закупівля діагностичних засобів | D63: 2024 | E63: Відділ охорони здоров'я | F63: =G63+H63+I63+J63+K63 -> 17 | G63: 9 | J63: 8 | L63: кількість хворих | M63: 20 хворих | P63: 152 | R63: 0 осіб
D64: 2025 | E64: Відділ охорони здоров'я | F64: =G64+H64+I64+J64+K64 -> 77 | G64: 9 | I64: 60 | J64: 8 | L64: кількість хворих | M64: 20 хворих
D65: 2026 | E65: Відділ охорони здоров'я | F65: =G65+H65+I65+J65+K65 -> 0 | L65: кількість хворих | M65: 20 хворих
C66: Забезпечення населення міста медичними імунобіологічними препаратами проти вакцинокерованих інфекцій, зокрема сказу, правцю, ботулізму, туляремії тощо
B67: 1 | C67: Закупівля вакцин | D67: 2024 | E67: Відділ охорони здоров'я | F67: =G67+H67+I67+J67+K67 -> 2230 | G67: 2000 | J67: 80 | K67: 150 | L67: кількість щеплень (імунізація мед.працівників гепатит В, імунізація мед.працівників, хворих, які знаходяться на Д обліку проти грипу) | M67: 370доз вакцини від сказу, 100доз потиправцевої вакцини | P67: за рахунок ДБ 740 доз, гум.1960доз | Q67: 60
D68: 2025 | E68: Відділ охорони здоров'я | F68: =G68+H68+I68+J68+K68 -> 2330 | G68: 2100 | J68: 80 | K68: 150 | L68: кількість щеплень (імунізація мед.працівників гепатит В, імунізація мед.працівників, хворих, які знаходяться на Д обліку проти грипу) | M68: 370доз вакцини від сказу, 100доз потиправцевої вакцини
D69: 2026 | E69: Відділ охорони здоров'я | F69: =G69+H69+I69+J69+K69 -> 150 | K69: 150 | L69: кількість щеплень (імунізація мед.працівників гепатит В, імунізація мед.працівників, хворих, які знаходяться на Д обліку проти грипу) | M69: 370доз вакцини від сказу, 100доз потиправцевої вакцини
B70: 2 | C70: Закупівля анатоксинів та сироваток | D70: 2024 | E70: Відділ охорони здоров'я | F70: =G70+H70+I70+J70+K70 -> 160 | G70: 150 | K70: 10 | L70: кількість хворих | M70: 120 доз сироватка протиправцева, 250 доз сироватка проти сказу
D71: 2025 | E71: Відділ охорони здоров'я | F71: =G71+H71+I71+J71+K71 -> 160 | G71: 150 | K71: 10 | L71: кількість хворих | M71: 120 доз сироватка протиправцева, 250 доз сироватка проти сказу
D72: 2026 | E72: Відділ охорони здоров'я | F72: =G72+H72+I72+J72+K72 -> 10 | K72: 10 | L72: кількість хворих | M72: 120 доз сироватка протиправцева, 250 доз сироватка проти сказу
B73: 3 | C73: Закупівля виробів медичного призначення, у т.ч. індикаторних карток | D73: 2024 | E73: Відділ охорони здоров'я | F73: =G73+H73+I73+J73+K73 -> 0 | L73: загальна кількість хворих | P73: 2681
D74: 2025 | E74: Відділ охорони здоров'я | F74: =G74+H74+I74+J74+K74 -> 0 | L74: загальна кількість хворих
D75: 2026 | E75: Відділ охорони здоров'я | F75: =G75+H75+I75+J75+K75 -> 0 | L75: загальна кількість хворих
C76: Забезпечення онкологічних хворих
B77: 1 | C77: Організація паліотивної допомоги хворим на онкологічну патологію та больовий синдром | D77: 2024 | E77: Відділ охорони здоров'я | F77: =G77+H77+I77+J77+K77 -> 0 | L77: кількість пролікованих онкологічних хворих | P77: 15 осіб МБ, 24осіб гум. | R77: 9
D78: 2025 | E78: Відділ охорони здоров'я | F78: =G78+H78+I78+J78+K78 -> 0 | L78: кількість пролікованих онкологічних хворих
D79: 2026 | E79: Відділ охорони здоров'я | F79: =G79+H79+I79+J79+K79 -> 0 | L79: кількість пролікованих онкологічних хворих
B80: 2 | C80: Закупівля діагностичних засобів | D80: 2024 | E80: Відділ охорони здоров'я | F80: =G80+H80+I80+J80+K80 -> 738 | I80: 369 | J80: 369 | L80: кількість онкологічних хворих | M80: кількість онкологічних хворих (300 фл ультравісту, 300 шт шприц для введення ультравісту) | Q80: 135
D81: 2025 | E81: Відділ охорони здоров'я | F81: =G81+H81+I81+J81+K81 -> 460.14 | I81: 91.14 | J81: 369 | L81: кількість онкологічних хворих | M81: кількість онкологічних хворих (300 фл ультравісту, 300 шт шприц для введення ультравісту)
D82: 2026 | E82: Відділ охорони здоров'я | F82: =G82+H82+I82+J82+K82 -> 50 | I82: 50 | L82: кількість онкологічних хворих | M82: кількість онкологічних хворих (300 фл ультравісту, 300 шт шприц для введення ультравісту)
C83: Забезпечення хворих з захворюваннями сердцево-судинної системи та судино-мозкової системи
B84: 1 | C84: Лікарськими засобами для надання невідкладної медичної допомоги, в тому числі фібрінолітичними препаратами | D84: 2024 | E84: Відділ охорони здоров'я | F84: =G84+H84+I84+J84+K84 -> 1560 | G84: 600 | I84: 360 | J84: 600 | L84: загальна кількість хворих з ССЗ, яким проведено тромболізіс | M84: актилизе 20фл | Q84: 23
D85: 2025 | E85: Відділ охорони здоров'я | F85: =G85+H85+I85+J85+K85 -> 1681.6 | G85: 600 | I85: 681.6 | J85: 400 | L85: загальна кількість хворих з ССЗ, яким проведено тромболізіс | M85: актилизе 20фл
D86: 2026 | E86: Відділ охорони здоров'я | F86: =G86+H86+I86+J86+K86 -> 100 | I86: 100 | L86: загальна кількість хворих з ССЗ, яким проведено тромболізіс | M86: актилизе 20фл
B87: 2 | C87: Відповідно до сучасних стандартів лікування забезпечено: лікарськими засобами | D87: 2024 | E87: Відділ охорони здоров'я | F87: =G87+H87+I87+J87+K87 -> 4781.1 | G87: 900 | I87: 581.1 | J87: 1300 | K87: 2000 | L87: загальна кількість пацієнтів, отримавших лікування | M87: 650 пац | Q87: 1365
D88: 2025 | E88: Відділ охорони здоров'я | F88: =G88+H88+I88+J88+K88 -> 4476.56 | G88: 900 | I88: 276.56 | J88: 1300 | K88: 2000 | L88: загальна кількість пацієнтів, отримавших лікування | M88: 650 пац
D89: 2026 | E89: Відділ охорони здоров'я | F89: =G89+H89+I89+J89+K89 -> 2500 | I89: 500 | K89: 2000 | L89: загальна кількість пацієнтів, отримавших лікування | M89: 650 пац
C90: Забезпечення пільгової категорії населення
B91: 1 | C91: Забезпечення лікарськими засобами пільгові групи населення та хворих за певними категоріями захворювань, ветеранів праці та осіб похилого віку | D91: 2024 | E91: Відділ охорони здоров'я | F91: =G91+H91+I91+J91+K91 -> 0 | L91: кількість рецептів | P91: 65рец., 32 осіб
D92: 2025 | E92: Відділ охорони здоров'я | F92: =G92+H92+I92+J92+K92 -> 0 | L92: кількість рецептів
D93: 2026 | E93: Відділ охорони здоров'я | F93: =G93+H93+I93+J93+K93 -> 0 | L93: кількість рецептів
B94: 2 | C94: Забезпечення пільгової категорії населення зубним протезуванням | D94: 2024 | E94: Відділ охорони здоров'я | F94: =G94+H94+I94+J94+K94 -> 0 | L94: кількість пільговиків
D95: 2025 | E95: Відділ охорони здоров'я | F95: =G95+H95+I95+J95+K95 -> 0 | L95: кількість пільговиків
D96: 2026 | E96: Відділ охорони здоров'я | F96: =G96+H96+I96+J96+K96 -> 0 | L96: кількість пільговиків
B97: 3 | C97: Забезпечення пільгової категорії населення слуховими апаратами | D97: 2024 | E97: Відділ охорони здоров'я | F97: =G97+H97+I97+J97+K97 -> 0 | L97: кількість забезпечених
D98: 2025 | E98: Відділ охорони здоров'я | F98: =G98+H98+I98+J98+K98 -> 0 | L98: кількість забезпечених
D99: 2026 | E99: Відділ охорони здоров'я | F99: =G99+H99+I99+J99+K99 -> 0 | L99: кількість забезпечених
B100: 4 | C100: Забезпечення інтраокулярними лінзами і розхідними матеріалами для оперативного лікування хворих пільгової категорії населення на зрілу катаракту | D100: 2024 | E100: Відділ охорони здоров'я | F100: =G100+H100+I100+J100+K100 -> 0 | L100: кількість забезпечених
D101: 2025 | E101: Відділ охорони здоров'я | F101: =G101+H101+I101+J101+K101 -> 0 | L101: кількість забезпечених
...

Sheet гб1
M1: Додаток 2
M2: до Програми
A4: ЗАХОДИ З РЕАЛІЗАЦІЇ ПРОГРАМИ
A5: № і назва завдання Стратегії розвитку Донецької області на період до 2027 року | B5: № з/п | C5: Зміст заходу | D5: Термін виконан- ня | E5: Виконавець | F5: Витрати на реалізацію, тис.грн | L5: Очікуваний результат
F6: Всього | G6: у тому числі за рахунок коштів:
G7: Держав- ного бюджету | H7: місцевих бюджетів | J7: підпри- ємств | K7: інших джерел | L7: найменування показника | M7: значення показника
H8: обласного бюджету | I8: бюджету територіальної громади
A9: 1 | B9: 2 | C9: 3 | D9: 4 | E9: 5 | F9: 6 | G9: 7 | H9: 8 | I9: 9 | J9: 10 | K9: 11 | L9: 12 | M9: 13
A10: 2.2.1 Підвищення якості та загальної доступності медичних послуг у містах та сільській місцевості | C10: Удосконалення кадрової політики | P10: цпмсд | Q10: мкл | R10: гб1
B11: 1 | C11: Перепідготовка кадрів для центру первинної медико-санітарної допомоги, комунальних некомерційних підприємств | D11: 2024 | E11: Відділ охорони здоров'я | F11: =G11+H11+I11+J11+K11 -> 169.3 | I11: 169.3 | L11: кількість лікарів, середніх медпрацівників | M11: М/б - 1 лікар, 14 середній м/п; НСЗУ : середній м/п - 23. | Q11: Лікарів-1 | R11: 0
D12: 2025 | E12: Відділ охорони здоров'я | F12: =G12+H12+I12+J12+K12 -> 0 | L12: кількість лікарів, середніх медпрацівників | M12: М/б - 1 лікар, 14 середній м/п; НСЗУ : середній м/п - 25.
D13: 2026 | E13: Відділ охорони здоров'я | F13: =G13+H13+I13+J13+K13 -> 0 | L13: кількість лікарів, середніх медпрацівників | M13: М/б - 1 лікар, 14 середній м/п; НСЗУ : середній м/п - 43.
B14: 2 | C14: Щомісячні доплати до заробітної плати медичним працівникам (лікарям), що надають первинну медичну допомогу | D14: 2024 | E14: Відділ охорони здоров'я | F14: =G14+H14+I14+J14+K14 -> 0 | L14: кількість лікарів
D15: 2025 | E15: Відділ охорони здоров'я | F15: =G15+H15+I15+J15+K15 -> 0 | L15: кількість лікарів
D16: 2026 | E16: Відділ охорони здоров'я | F16: =G16+H16+I16+J16+K16 -> 0 | L16: кількість лікарів
B17: 3 | C17: Впровадження та розвиток єдиної медичної інформаційної системи охорони здоров'я | D17: 2024 | E17: Відділ охорони здоров'я | F17: =G17+H17+I17+J17+K17 -> 0 | L17: кількість комп'ютерного оснащення, робочих місць | N17: 4 | P17: 28 раб.места Хелсі, інтернет, придбано 2 ноутбука
D18: 2025 | E18: Відділ охорони здоров'я | F18: =G18+H18+I18+J18+K18 -> 0 | L18: кількість комп'ютерного оснащення, робочих місць
D19: 2026 | E19: Відділ охорони здоров'я | F19: =G19+H19+I19+J19+K19 -> 0 | L19: кількість комп'ютерного оснащення, робочих місць
B20: 4 | C20: Підтримка комунальних некомерційних підприємств охорони здоров'я (понад кошти НСЗУ) : - оплата комунальних послуг та енергоносіїв; - медикаментозне та матеріально-технічне забезпечення з урахуванням потреб населення. Закупівля лікарських засобів та перев’язувальних матеріалів; виробів медичного призначення; технічних засобів; дезінфікуючих засобів, проведення поточних ремонтів тощо; -забезпечення проведення харчування на відповідному рівні в умовах стаціонару; -забезпечення закладів охорони здоров’я видатками на оплату праці відповідно до встановлених чинним законодавством умов оплати праці (забезпечення роботи медичної комісії для проведення медичного огляду призовників, працівників бюджетної сфери; утримання штатних посад лікарів-інтернів; забезпечення роботи фізіотерапевтичних поліклінічних відділень та кабінетів; забезпечення роботи «Клініки дружньої до молоді»; забезпечення роботи трансфузіологічного відділення, виплата муніципальної доплати до заробітної плати медичним та іншим працівникам, які безпосередньо зайняті на роботах з ліквідації захворювання серед людей на коронавірусну хворобу (COVID-19)); -безкоштовне надання стоматологічної допомоги дитячому населенню громади; -безкоштовне надання стоматологічних медичних послуг пільговим категоріям населення громади; -забезпечення відшкодування пільгових пенсій при достроковому виході на пенсію | D20: 2024 | E20: Відділ охорони здоров'я | F20: =G20+H20+I20+J20+K20 -> 14000 | I20: 14000 | L20: кількість підприємств | M20: Всього ставок :24,25, з них : лікарі - 2,25; середній медпресонал - 17,25; молодший медперсонал - 3,0; фахівці - 1,5; інші - 0,25. КЕКВ 2111 - 4925,7; КЕКВ 2120 - 1083,6 КЕКВ 2210 -608,5; КЕКВ 2220 - 1940,0; КЕКВ 2230 - 920,0; КЕКВ 2240 - 650,0; КЕКВ 2270 - 7883,0; КЕКВ 2282 -10,0; КЕКВ - 2710 - 139,8; КЕКВ 2730 - 32,0 | N20: 5 | R20: Всього ставок :31,75, з них : лікарі - 3,5; середній медпресонал - 20,75; молодший медперсонал - 4,75; фахівці - 1,5; інші - 1,25. КЕКВ 2270 - 857,7; КЕКВ 2220 - 990,1; КЕКВ 2230 - 449,9; КЕКВ 2111 - 1273,5; КЕКВ 2120 - 314,3
D21: 2025 | E21: Відділ охорони здоров'я | F21: =G21+H21+I21+J21+K21 -> 15000 | I21: 15000 | L21: кількість підприємств | M21: Всього ставок :24,25, з них : лікарі - 2,25; середній медпресонал - 17,25; молодший медперсонал - 3,0; фахівці - 1,5; інші - 0,25. КЕКВ 2111 - 5462,6; КЕКВ 2120 -1201,8 КЕКВ 2210 -660,8; КЕКВ 2220 - 2328,0; КЕКВ 2230 - 1012,0; КЕКВ 2240 - 715,0; КЕКВ 2270 - 856,9; КЕКВ 2282 -11,0; КЕКВ - 2710 - 151,9; КЕКВ 2730 - 34,8
D22: 2026 | E22: Відділ охорони здоров'я | F22: =G22+H22+I22+J22+K22 -> 0 | L22: кількість підприємств | M22: Всього ставок :24,25, з них : лікарі - 2,25; середній медпресонал - 17,25; молодший медперсонал - 3,0; фахівці - 1,5; інші - 0,25. КЕКВ 2111 - 5844,9; КЕКВ 2120 -1285,9 КЕКВ 2210 -707,7; КЕКВ 2220 - 2560,8; КЕКВ 2230 - 1113,2; КЕКВ 2240 - 786,5; КЕКВ 2270 - 916,9; КЕКВ 2282 -12,0; КЕКВ - 2710 - 162,7; КЕКВ 2730 - 37,2
B23: 5 | C23: Підтримка комунальних закладів охорони здоров'я, які належать територіальній громаді (Комунальне некомерційне підприємство Слов'янської міської ради «Міська клінічна лікарня м.Слов'янська») | D23: 2024 | E23: Відділ охорони здоров'я | F23: =G23+H23+I23+J23+K23 -> 155.5 | I23: 155.5 | L23: кількість закладів | N23: 6
D24: 2025 | E24: Відділ охорони здоров'я | F24: =G24+H24+I24+J24+K24 -> 0 | L24: кількість закладів
D25: 2026 | E25: Відділ охорони здоров'я | F25: =G25+H25+I25+J25+K25 -> 0 | L25: кількість закладів
A26: 2.2.2 Посилення профілактичних заходів з упередження захворюваності населення | C26: Забезпечення хворих на ВІЛ-інфекцію і СНІД та профілактика ВІЛ-інфекції
B27: 1 | C27: Придбання тест/систем, реактивів та систем відбору крові задля добровільного консультування і тестування на ВІЛ-інфекцію та обстеження ВІЛ-інфікованих пацієнтів, що перебувають під медичним наглядом | D27: 2024 | E27: Відділ охорони здоров'я | F27: =G27+H27+I27+J27+K27 -> 120 | I27: 120 | L27: кількість | M27: 50 | P27: 270 осіб | R27: 0
D28: 2025 | E28: Відділ охорони здоров'я | F28: =G28+H28+I28+J28+K28 -> 0 | L28: кількість | M28: 50
D29: 2026 | E29: Відділ охорони здоров'я | F29: =G29+H29+I29+J29+K29 -> 0 | L29: кількість | M29: 50
B30: 2 | C30: Придбання лікарських засобів задля профілактики та лікування опортуністичних інфекцій, супутніх станів та захворювань у ВІЛ-інфікованих та хворих на СНІД | D30: 2024 | E30: Відділ охорони здоров'я | F30: =G30+H30+I30+J30+K30 -> 0 | L30: загальна кількість пацієнтів
D31: 2025 | E31: Відділ охорони здоров'я | F31: =G31+H31+I31+J31+K31 -> 0 | L31: загальна кількість пацієнтів
D32: 2026 | E32: Відділ охорони здоров'я | F32: =G32+H32+I32+J32+K32 -> 0 | L32: загальна кількість пацієнтів
C33: Забезпечення хворих на туберкульоз та профілактика захворювання | D33: 2026
B34: 1 | C34: Забезпечувати безкоштовною рентген плівкою, реактивами для проведення профоглядів на ТБ осіб з визначених груп "ризику" (в першу чергу - ВІЛ-інфікованих, звільнених з місць позбавлення волі, контактних з вогнищ ТБ, безпритульних) | D34: 2024 | E34: Відділ охорони здоров'я | F34: =G34+H34+I34+J34+K34 -> 16.8 | I34: 16.8 | L34: кількість рентгенологічних досліджень, бактеріологічних досліджень | M34: рентг. - 5000; бак.досліджень - 20 | R34: 1354 осіб / 6 досліджень
D35: 2025 | E35: Відділ охорони здоров'я | F35: =G35+H35+I35+J35+K35 -> 0 | L35: кількість рентгенологічних досліджень, бактеріологічних досліджень | M35: рентг. - 5000; бак.досліджень - 20 | P35: 0
D36: 2026 | E36: Відділ охорони здоров'я | F36: =G36+H36+I36+J36+K36 -> 0 | L36: кількість рентгенологічних досліджень, бактеріологічних досліджень | M36: рентг. - 5000; бак.досліджень - 20
B37: 2 | C37: Забезпечити своєчасне щеплення населення новонароджених від туберкульозу (БЦЖ) | D37: 2024 | E37: Відділ охорони здоров'я | F37: =G37+H37+I37+J37+K37 -> 0 | L37: кількість дітей | R37: 1354 осіб / 6 досліджень
D38: 2025 | E38: Відділ охорони здоров'я | F38: =G38+H38+I38+J38+K38 -> 0 | L38: кількість дітей | P38: 0
D39: 2026 | E39: Відділ охорони здоров'я | F39: =G39+H39+I39+J39+K39 -> 0 | L39: кількість дітей
B40: 3 | C40: Забезпечити туберкуліном та витратними матеріалами для обов'язкової щорічної туберкулінодіагностики дітям 1-14 років, в першу чергу – з груп "ризику" | D40: 2024 | E40: Відділ охорони здоров'я | F40: =G40+H40+I40+J40+K40 -> 0 | L40: кількість дітей, яким встановлено пробу Манту | P40: 132 | Q40: 130
D41: 2025 | E41: Відділ охорони здоров'я | F41: =G41+H41+I41+J41+K41 -> 0 | L41: кількість дітей, яким встановлено пробу Манту
D42: 2026 | E42: Відділ охорони здоров'я | F42: =G42+H42+I42+J42+K42 -> 0 | L42: кількість дітей, яким встановлено пробу Манту
B43: 4 | C43: Закуповувати одноразові контейнери для збору мокротиння та транспортувати у бактеріоскопічний пункт | D43: 2024 | E43: Відділ охорони здоров'я | F43: =G43+H43+I43+J43+K43 -> 18 | I43: 18 | L43: кількість бактеріоскопічних обстежень на 1000 дорослого населення | P43: 0 | T43: 482
D44: 2025 | E44: Відділ охорони здоров'я | F44: =G44+H44+I44+J44+K44 -> 0 | L44: кількість бактеріоскопічних обстежень на 1000 дорослого населення
D45: 2026 | E45: Відділ охорони здоров'я | F45: =G45+H45+I45+J45+K45 -> 0 | L45: кількість бактеріоскопічних обстежень на 1000 дорослого населення
B46: 5 | C46: Придбання тубпайків | D46: 2024 | E46: Відділ охорони здоров'я | F46: =G46+H46+I46+J46+K46 -> 0 | L46: кількість хворих | M46: 10 | P46: 0 | R46: 0 осіб | T46: 730
D47: 2025 | E47: Відділ охорони здоров'я | F47: =G47+H47+I47+J47+K47 -> 0 | L47: кількість хворих | M47: 10
D48: 2026 | E48: Відділ охорони здоров'я | F48: =G48+H48+I48+J48+K48 -> 0 | L48: кількість хворих | M48: 10
C49: Забезпечення хворих на цукровий та нецукровий діабет | T49: 8
B50: 1 | C50: Цукорознижаючими препаратами та лікарськими засобами хворих на нецукровий діабет | D50: 2024 | E50: Відділ охорони здоров'я | F50: =G50+H50+I50+J50+K50 -> 0 | L50: кількість хворих | Q50: 482 | S50: инсулин в иньекциях получают 482 взросліх и 8 детей, в таблетках 730 взросліх
D51: 2025 | E51: Відділ охорони здоров'я | F51: =G51+H51+I51+J51+K51 -> 0 | L51: кількість хворих
D52: 2026 | E52: Відділ охорони здоров'я | F52: =G52+H52+I52+J52+K52 -> 0 | L52: кількість хворих
B53: 2 | C53: Глюкометрами, в тому числі ланцетами | D53: 2024 | E53: Відділ охорони здоров'я | F53: =G53+H53+I53+J53+K53 -> 0 | L53: кількість хворих дітей; вагітних | P53: 6 | Q53: Отриманно:92 глюкометрів, 74100 шт тест-смужок,18131 уп-тест-смужок,140 глюкометра видано
D54: 2025 | E54: Відділ охорони здоров'я | F54: =G54+H54+I54+J54+K54 -> 0 | L54: кількість хворих дітей; вагітних
D55: 2026 | E55: Відділ охорони здоров'я | F55: =G55+H55+I55+J55+K55 -> 0 | L55: кількість хворих дітей; вагітних
B56: 3 | C56: Забезпечення дітей, вагітних хворих на цукровий діабет витратними матеріалами (голки, тест-смужки та ін.) | D56: 2024 | E56: Відділ охорони здоров'я | F56: =G56+H56+I56+J56+K56 -> 0 | L56: кількість хворих дітей; вагітних | P56: 6
D57: 2025 | E57: Відділ охорони здоров'я | F57: =G57+H57+I57+J57+K57 -> 0 | L57: кількість хворих дітей; вагітних
D58: 2026 | E58: Відділ охорони здоров'я | F58: =G58+H58+I58+J58+K58 -> 0 | L58: кількість хворих дітей; вагітних
C59: Забезпечення хворих на вірусний гепатит С
B60: 1 | C60: Закупівля лікарських засобів | D60: 2024 | E60: Відділ охорони здоров'я | F60: =G60+H60+I60+J60+K60 -> 105 | I60: 105 | L60: кількість хворих | Q60: 17 | R60: 0 осіб
D61: 2025 | E61: Відділ охорони здоров'я | F61: =G61+H61+I61+J61+K61 -> 0 | L61: кількість хворих
D62: 2026 | E62: Відділ охорони здоров'я | F62: =G62+H62+I62+J62+K62 -> 0 | L62: кількість хворих
B63: 2 | C63: Закупівля діагностичних засобів | D63: 2024 | E63: Відділ охорони здоров'я | F63: =G63+H63+I63+J63+K63 -> 70 | I63: 70 | L63: кількість хворих | M63: 200 | P63: 152 | R63: 0 осіб
D64: 2025 | E64: Відділ охорони здоров'я | F64: =G64+H64+I64+J64+K64 -> 0 | L64: кількість хворих | M64: 200
D65: 2026 | E65: Відділ охорони здоров'я | F65: =G65+H65+I65+J65+K65 -> 0 | L65: кількість хворих | M65: 200
C66: Забезпечення населення міста медичними імунобіологічними препаратами проти вакцинокерованих інфекцій, зокрема сказу, правцю, ботулізму, туляремії тощо
B67: 1 | C67: Закупівля вакцин | D67: 2024 | E67: Відділ охорони здоров'я | F67: =G67+H67+I67+J67+K67 -> 0 | L67: кількість щеплень (імунізація мед.працівників гепатит В, імунізація мед.працівників, хворих, які знаходяться на Д обліку проти грипу) | P67: за рахунок ДБ 740 доз, гум.1960доз | Q67: 60
D68: 2025 | E68: Відділ охорони здоров'я | F68: =G68+H68+I68+J68+K68 -> 0 | L68: кількість щеплень (імунізація мед.працівників гепатит В, імунізація мед.працівників, хворих, які знаходяться на Д обліку проти грипу)
D69: 2026 | E69: Відділ охорони здоров'я | F69: =G69+H69+I69+J69+K69 -> 0 | L69: кількість щеплень (імунізація мед.працівників гепатит В, імунізація мед.працівників, хворих, які знаходяться на Д обліку проти грипу)
B70: 2 | C70: Закупівля анатоксинів та сироваток | D70: 2024 | E70: Відділ охорони здоров'я | F70: =G70+H70+I70+J70+K70 -> 0 | L70: кількість хворих
D71: 2025 | E71: Відділ охорони здоров'я | F71: =G71+H71+I71+J71+K71 -> 0 | L71: кількість хворих
D72: 2026 | E72: Відділ охорони здоров'я | F72: =G72+H72+I72+J72+K72 -> 0 | L72: кількість хворих
B73: 3 | C73: Закупівля виробів медичного призначення, у т.ч. індикаторних карток | D73: 2024 | E73: Відділ охорони здоров'я | F73: =G73+H73+I73+J73+K73 -> 0 | L73: загальна кількість хворих | P73: 2681
D74: 2025 | E74: Відділ охорони здоров'я | F74: =G74+H74+I74+J74+K74 -> 0 | L74: загальна кількість хворих
D75: 2026 | E75: Відділ охорони здоров'я | F75: =G75+H75+I75+J75+K75 -> 0 | L75: загальна кількість хворих
C76: Забезпечення онкологічних хворих
B77: 1 | C77: Організація паліотивної допомоги хворим на онкологічну патологію та больовий синдром | D77: 2024 | E77: Відділ охорони здоров'я | F77: =G77+H77+I77+J77+K77 -> 7 | I77: 7 | L77: кількість пролікованих онкологічних хворих | M77: 80 | P77: 15 осіб МБ, 24осіб гум. | R77: 9
D78: 2025 | E78: Відділ охорони здоров'я | F78: =G78+H78+I78+J78+K78 -> 330 | J78: 330 | L78: кількість пролікованих онкологічних хворих | M78: 80
D79: 2026 | E79: Відділ охорони здоров'я | F79: =G79+H79+I79+J79+K79 -> 0 | L79: кількість пролікованих онкологічних хворих | M79: 80
B80: 2 | C80: Закупівля діагностичних засобів | D80: 2024 | E80: Відділ охорони здоров'я | F80: =G80+H80+I80+J80+K80 -> 0 | L80: кількість онкологічних хворих | Q80: 135
D81: 2025 | E81: Відділ охорони здоров'я | F81: =G81+H81+I81+J81+K81 -> 0 | L81: кількість онкологічних хворих
D82: 2026 | E82: Відділ охорони здоров'я | F82: =G82+H82+I82+J82+K82 -> 0 | L82: кількість онкологічних хворих
C83: Забезпечення хворих з захворюваннями сердцево-судинної системи та судино-мозкової системи
B84: 1 | C84: Лікарськими засобами для надання невідкладної медичної допомоги, в тому числі фібрінолітичними препаратами | D84: 2024 | E84: Відділ охорони здоров'я | F84: =G84+H84+I84+J84+K84 -> 0 | L84: загальна кількість хворих з ССЗ, яким проведено тромболізіс | Q84: 23
D85: 2025 | E85: Відділ охорони здоров'я | F85: =G85+H85+I85+J85+K85 -> 0 | L85: загальна кількість хворих з ССЗ, яким проведено тромболізіс
D86: 2026 | E86: Відділ охорони здоров'я | F86: =G86+H86+I86+J86+K86 -> 0 | L86: загальна кількість хворих з ССЗ, яким проведено тромболізіс
B87: 2 | C87: Відповідно до сучасних стандартів лікування забезпечено: лікарськими засобами | D87: 2024 | E87: Відділ охорони здоров'я | F87: =G87+H87+I87+J87+K87 -> 0 | L87: загальна кількість пацієнтів, отримавших лікування | Q87: 1365
D88: 2025 | E88: Відділ охорони здоров'я | F88: =G88+H88+I88+J88+K88 -> 0 | L88: загальна кількість пацієнтів, отримавших лікування
D89: 2026 | E89: Відділ охорони здоров'я | F89: =G89+H89+I89+J89+K89 -> 0 | L89: загальна кількість пацієнтів, отримавших лікування
C90: Забезпечення пільгової категорії населення
B91: 1 | C91: Забезпечення лікарськими засобами пільгові групи населення та хворих за певними категоріями захворювань, ветеранів праці та осіб похилого віку | D91: 2024 | E91: Відділ охорони здоров'я | F91: =G91+H91+I91+J91+K91 -> 0 | L91: кількість рецептів | P91: 65рец., 32 осіб
D92: 2025 | E92: Відділ охорони здоров'я | F92: =G92+H92+I92+J92+K92 -> 0 | L92: кількість рецептів
D93: 2026 | E93: Відділ охорони здоров'я | F93: =G93+H93+I93+J93+K93 -> 0 | L93: кількість рецептів
B94: 2 | C94: Забезпечення пільгової категорії населення зубним протезуванням | D94: 2024 | E94: Відділ охорони здоров'я | F94: =G94+H94+I94+J94+K94 -> 0 | L94: кількість пільговиків
D95: 2025 | E95: Відділ охорони здоров'я | F95: =G95+H95+I95+J95+K95 -> 0 | L95: кількість пільговиків
D96: 2026 | E96: Відділ охорони здоров'я | F96: =G96+H96+I96+J96+K96 -> 0 | L96: кількість пільговиків
B97: 3 | C97: Забезпечення пільгової категорії населення слуховими апаратами | D97: 2024 | E97: Відділ охорони здоров'я | F97: =G97+H97+I97+J97+K97 -> 0 | L97: кількість забезпечених
D98: 2025 | E98: Відділ охорони здоров'я | F98: =G98+H98+I98+J98+K98 -> 0 | L98: кількість забезпечених
D99: 2026 | E99: Відділ охорони здоров'я | F99: =G99+H99+I99+J99+K99 -> 0 | L99: кількість забезпечених
B100: 4 | C100: Забезпечення інтраокулярними лінзами і розхідними матеріалами для оперативного лікування хворих пільгової категорії населення на зрілу катаракту | D100: 2024 | E100: Відділ охорони здоров'я | F100: =G100+H100+I100+J100+K100 -> 0 | L100: кількість забезпечених
D101: 2025 | E101: Відділ охорони здоров'я | F101: =G101+H101+I101+J101+K101 -> 0 | L101: кількість забезпечених
...

Sheet цпмсд
M1: Додаток 2
M2: до Програми
A4: ЗАХОДИ З РЕАЛІЗАЦІЇ ПРОГРАМИ
A5: № і назва завдання Стратегії розвитку Донецької області на період до 2027 року | B5: № з/п | C5: Зміст заходу | D5: Термін виконан- ня | E5: Виконавець | F5: Витрати на реалізацію, тис.грн | L5: Очікуваний результат
F6: Всього | G6: у тому числі за рахунок коштів:
G7: Держав- ного бюджету | H7: місцевих бюджетів | J7: підпри- ємств | K7: інших джерел | L7: найменування показника | M7: значення показника
H8: обласного бюджету | I8: бюджету територіальної громади
A9: 1 | B9: 2 | C9: 3 | D9: 4 | E9: 5 | F9: 6 | G9: 7 | H9: 8 | I9: 9 | J9: 10 | K9: 11 | L9: 12 | M9: 13
A10: 2.2.1 Підвищення якості та загальної доступності медичних послуг у містах та сільській місцевості | C10: Удосконалення кадрової політики | P10: цпмсд | Q10: мкл | R10: гб1
B11: 1 | C11: Перепідготовка кадрів для центру первинної медико-санітарної допомоги, комунальних некомерційних підприємств | D11: 2024 | E11: Відділ охорони здоров'я | F11: =G11+H11+I11+J11+K11 -> 176 | I11: 176 | L11: кількість лікарів, середніх медпрацівників | M11: 15 20 | Q11: Лікарів-1 | R11: 0
D12: 2025 | E12: Відділ охорони здоров'я | F12: =G12+H12+I12+J12+K12 -> 94.2 | I12: 94.2 | L12: кількість лікарів, середніх медпрацівників | M12: 20 35
D13: 2026 | E13: Відділ охорони здоров'я | F13: =G13+H13+I13+J13+K13 -> 0 | I13: 0 | L13: кількість лікарів, середніх медпрацівників | M13: 25 45
B14: 2 | C14: Щомісячні доплати до заробітної плати медичним працівникам, що надають первинну медичну допомогу | D14: 2024 | E14: Відділ охорони здоров'я | F14: =G14+H14+I14+J14+K14 -> 922 | I14: 922 | L14: кількість лікарів | M14: 62 129
D15: 2025 | E15: Відділ охорони здоров'я | F15: =G15+H15+I15+J15+K15 -> 5124 | I15: 5124 | L15: кількість лікарів | M15: 62 129
D16: 2026 | E16: Відділ охорони здоров'я | F16: =G16+H16+I16+J16+K16 -> 5763.5 | I16: 5763.5 | L16: кількість лікарів | M16: 62 129
B17: 3 | C17: Впровадження та розвиток єдиної медичної інформаційної системи охорони здоров'я | D17: 2024 | E17: Відділ охорони здоров'я | F17: =G17+H17+I17+J17+K17 -> 759 | I17: 309 | J17: 350 | K17: 100 | L17: кількість комп'ютерного оснащення, робочих місць | M17: придб.3комп., 3 БФП, 3 принтера 30 роб.місць МІС | N17: 4 | P17: 28 раб.места Хелсі, інтернет, придбано 2 ноутбука
D18: 2025 | E18: Відділ охорони здоров'я | F18: =G18+H18+I18+J18+K18 -> 822.3 | I18: 372.3 | J18: 350 | K18: 100 | L18: кількість комп'ютерного оснащення, робочих місць | M18: придб.2комп., 2 БФП, 2 принтера 40 роб.місць МІС
D19: 2026 | E19: Відділ охорони здоров'я | F19: =G19+H19+I19+J19+K19 -> 494 | I19: 394 | K19: 100 | L19: кількість комп'ютерного оснащення, робочих місць | M19: придб.2 ноутбука 60 роб.місць МІС
B20: 4 | C20: Підтримка комунальних некомерційних підприємств охорони здоров'я (понад кошти НСЗУ) : - оплата комунальних послуг та енергоносіїв; - медикаментозне та матеріально-технічне забезпечення з урахуванням потреб населення. Закупівля лікарських засобів та перев’язувальних матеріалів; виробів медичного призначення; технічних засобів; дезінфікуючих засобів, проведення поточних ремонтів тощо; -забезпечення проведення харчування на відповідному рівні в умовах стаціонару; -забезпечення закладів охорони здоров’я видатками на оплату праці відповідно до встановлених чинним законодавством умов оплати праці (забезпечення роботи медичної комісії для проведення медичного огляду призовників, працівників бюджетної сфери; утримання штатних посад лікарів-інтернів; забезпечення роботи фізіотерапевтичних поліклінічних відділень та кабінетів; забезпечення роботи «Клініки дружньої до молоді»; забезпечення роботи трансфузіологічного відділення, виплата муніципальної доплати до заробітної плати медичним та іншим працівникам, які безпосередньо зайняті на роботах з ліквідації захворювання серед людей на коронавірусну хворобу (COVID-19)); -безкоштовне надання стоматологічної допомоги дитячому населенню громади; -безкоштовне надання стоматологічних медичних послуг пільговим категоріям населення громади; -забезпечення відшкодування пільгових пенсій при достроковому виході на пенсію | D20: 2024 | E20: Відділ охорони здоров'я | F20: =G20+H20+I20+J20+K20 -> 9006.9 | I20: =8350.4+476.5 -> 8826.9 | J20: 150 | K20: 30 | L20: кількість підприємств | N20: 5 | R20: Всього ставок :31,75, з них : лікарі - 3,5; середній медпресонал - 20,75; молодший медперсонал - 4,75; фахівці - 1,5; інші - 1,25. КЕКВ 2270 - 857,7; КЕКВ 2220 - 990,1; КЕКВ 2230 - 449,9; КЕКВ 2111 - 1273,5; КЕКВ 2120 - 314,3
D21: 2025 | E21: Відділ охорони здоров'я | F21: =G21+H21+I21+J21+K21 -> 10281.9 | I21: =9500+601.9 -> 10101.9 | J21: 150 | K21: 30 | L21: кількість підприємств
D22: 2026 | E22: Відділ охорони здоров'я | F22: =G22+H22+I22+J22+K22 -> 7011.1 | I22: 6981.1 | K22: 30 | L22: кількість підприємств
B23: 5 | C23: Виконання заходів протипожежної безпеки | D23: 2024 | E23: Відділ охорони здоров'я | F23: =G23+H23+I23+J23+K23 -> 181 | I23: 141 | J23: 20 | K23: 20 | L23: кількість закладів | N23: 6
D24: 2025 | E24: Відділ охорони здоров'я | F24: =G24+H24+I24+J24+K24 -> 220 | I24: 180 | J24: 20 | K24: 20 | L24: кількість закладів
D25: 2026 | E25: Відділ охорони здоров'я | F25: =G25+H25+I25+J25+K25 -> 241.4 | I25: 221.4 | K25: 20 | L25: кількість закладів
A26: 2.2.2 Посилення профілактичних заходів з упередження захворюваності населення | C26: Забезпечення хворих на ВІЛ-інфекцію і СНІД та профілактика ВІЛ-інфекції
B27: 1 | C27: Придбання тест/систем, реактивів та систем відбору крові задля добровільного консультування і тестування на ВІЛ-інфекцію та обстеження ВІЛ-інфікованих пацієнтів, що перебувають під медичним наглядом | D27: 2024 | E27: Відділ охорони здоров'я | F27: =G27+H27+I27+J27+K27 -> 444.2 | I27: 344.2 | K27: 100 | L27: кількість | P27: 270 осіб | R27: 0
D28: 2025 | E28: Відділ охорони здоров'я | F28: =G28+H28+I28+J28+K28 -> 278.3 | I28: 178.3 | K28: 100 | L28: кількість
D29: 2026 | E29: Відділ охорони здоров'я | F29: =G29+H29+I29+J29+K29 -> 250 | I29: 150 | K29: 100 | L29: кількість
B30: 2 | C30: Придбання лікарських засобів задля профілактики та лікування опортуністичних інфекцій, супутніх станів та захворювань у ВІЛ-інфікованих та хворих на СНІД | D30: 2024 | E30: Відділ охорони здоров'я | F30: =G30+H30+I30+J30+K30 -> 0 | I30: 0 | L30: загальна кількість пацієнтів
D31: 2025 | E31: Відділ охорони здоров'я | F31: =G31+H31+I31+J31+K31 -> 20 | I31: 20 | L31: загальна кількість пацієнтів
D32: 2026 | E32: Відділ охорони здоров'я | F32: =G32+H32+I32+J32+K32 -> 0 | I32: 0 | L32: загальна кількість пацієнтів
C33: Забезпечення хворих на туберкульоз та профілактика захворювання | D33: 2026
B34: 1 | C34: Забезпечувати безкоштовною рентген плівкою, реактивами для проведення профоглядів на ТБ осіб з визначених груп "ризику" (в першу чергу - ВІЛ-інфікованих, звільнених з місць позбавлення волі, контактних з вогнищ ТБ, безпритульних) | D34: 2024 | E34: Відділ охорони здоров'я | F34: =G34+H34+I34+J34+K34 -> 0 | I34: 0 | L34: кількість рентгенологічних досліджень, бактеріологічних досліджень | R34: 1354 осіб / 6 досліджень
D35: 2025 | E35: Відділ охорони здоров'я | F35: =G35+H35+I35+J35+K35 -> 0 | I35: 0 | L35: кількість рентгенологічних досліджень, бактеріологічних досліджень | P35: 0
D36: 2026 | E36: Відділ охорони здоров'я | F36: =G36+H36+I36+J36+K36 -> 0 | I36: 0 | L36: кількість рентгенологічних досліджень, бактеріологічних досліджень
B37: 2 | C37: Забезпечення продовольчими пакетами на амбулаторному лікуванні | D37: 2024 | E37: Відділ охорони здоров'я | F37: =G37+H37+I37+J37+K37 -> 74 | I37: 74 | L37: кількість забезпечених | R37: 1354 осіб / 6 досліджень
D38: 2025 | E38: Відділ охорони здоров'я | F38: =G38+H38+I38+J38+K38 -> 35.2 | I38: 35.2 | L38: кількість забезпечених | P38: 0
D39: 2026 | E39: Відділ охорони здоров'я | F39: =G39+H39+I39+J39+K39 -> 0 | I39: 0 | L39: кількість забезпечених
B40: 3 | C40: Забезпечити своєчасне щеплення населення новонароджених від туберкульозу (БЦЖ) | D40: 2024 | E40: Відділ охорони здоров'я | F40: =G40+H40+I40+J40+K40 -> 13 | G40: 10 | I40: 0 | K40: 3 | L40: кількість дітей | P40: 132 | Q40: 130
D41: 2025 | E41: Відділ охорони здоров'я | F41: =G41+H41+I41+J41+K41 -> 13 | G41: 10 | I41: 0 | K41: 3 | L41: кількість дітей
D42: 2026 | E42: Відділ охорони здоров'я | F42: =G42+H42+I42+J42+K42 -> 3 | I42: 0 | K42: 3 | L42: кількість дітей
B43: 4 | C43: Забезпечити туберкуліном та витратними матеріалами для обов'язкової щорічної туберкулінодіагностики дітям 1-14 років, в першу чергу – з груп "ризику" | D43: 2024 | E43: Відділ охорони здоров'я | F43: =G43+H43+I43+J43+K43 -> 367.9 | I43: 367.9 | L43: кількість дітей, яким встановлено пробу Манту | M43: 840 | P43: 0 | T43: 482
D44: 2025 | E44: Відділ охорони здоров'я | F44: =G44+H44+I44+J44+K44 -> 184 | I44: 184 | L44: кількість дітей, яким встановлено пробу Манту | M44: 1200
D45: 2026 | E45: Відділ охорони здоров'я | F45: =G45+H45+I45+J45+K45 -> 218 | I45: 218 | L45: кількість дітей, яким встановлено пробу Манту | M45: 1250
B46: 5 | C46: Закуповувати одноразові контейнери для збору мокротиння та транспортувати у бактеріоскопічний пункт | D46: 2024 | E46: Відділ охорони здоров'я | F46: =G46+H46+I46+J46+K46 -> 2 | I46: 2 | L46: кількість бактеріоскопічних обстежень на 1000 дорослого населення | M46: 3 | P46: 0 | R46: 0 осіб | T46: 730
D47: 2025 | E47: Відділ охорони здоров'я | F47: =G47+H47+I47+J47+K47 -> 2.2 | I47: 2.2 | L47: кількість бактеріоскопічних обстежень на 1000 дорослого населення | M47: 3
D48: 2026 | E48: Відділ охорони здоров'я | F48: =G48+H48+I48+J48+K48 -> 2 | I48: 2 | L48: кількість бактеріоскопічних обстежень на 1000 дорослого населення | M48: 3
C49: Забезпечення хворих на цукровий та нецукровий діабет | T49: 8
B50: 1 | C50: Цукорознижаючими препаратами та лікарськими засобами хворих на нецукровий діабет | D50: 2024 | E50: Відділ охорони здоров'я | F50: =G50+H50+I50+J50+K50 -> 20 | I50: 0 | K50: 20 | L50: кількість хворих | Q50: 482 | S50: инсулин в иньекциях получают 482 взросліх и 8 детей, в таблетках 730 взросліх
D51: 2025 | E51: Відділ охорони здоров'я | F51: =G51+H51+I51+J51+K51 -> 20 | I51: 0 | K51: 20 | L51: кількість хворих
D52: 2026 | E52: Відділ охорони здоров'я | F52: =G52+H52+I52+J52+K52 -> 20 | I52: 0 | K52: 20 | L52: кількість хворих
B53: 2 | C53: Глюкометрами, в тому числі ланцетами | D53: 2024 | E53: Відділ охорони здоров'я | F53: =G53+H53+I53+J53+K53 -> 10 | J53: 10 | L53: кількість хворих дітей; вагітних | M53: 12 | P53: 6 | Q53: Отриманно:92 глюкометрів, 74100 шт тест-смужок,18131 уп-тест-смужок,140 глюкометра видано
D54: 2025 | E54: Відділ охорони здоров'я | F54: =G54+H54+I54+J54+K54 -> 10 | J54: 10 | L54: кількість хворих дітей; вагітних | M54: 12
D55: 2026 | E55: Відділ охорони здоров'я | F55: =G55+H55+I55+J55+K55 -> 13.5 | I55: 13.5 | L55: кількість хворих дітей; вагітних | M55: 12
B56: 3 | C56: Забезпечення дітей, вагітних хворих на цукровий діабет витратними матеріалами (голки, тест-смужки та ін.) | D56: 2024 | E56: Відділ охорони здоров'я | F56: =G56+H56+I56+J56+K56 -> 48.5 | I56: 48.5 | L56: кількість хворих дітей; вагітних | M56: 12 | P56: 6
D57: 2025 | E57: Відділ охорони здоров'я | F57: =G57+H57+I57+J57+K57 -> 52 | I57: 52 | L57: кількість хворих дітей; вагітних | M57: 12
D58: 2026 | E58: Відділ охорони здоров'я | F58: =G58+H58+I58+J58+K58 -> 98.6 | I58: 98.6 | L58: кількість хворих дітей; вагітних | M58: 12
C59: Забезпечення хворих на вірусний гепатит С
B60: 1 | C60: Закупівля лікарських засобів | D60: 2024 | E60: Відділ охорони здоров'я | F60: =G60+H60+I60+J60+K60 -> 0 | I60: 0 | L60: кількість хворих | Q60: 17 | R60: 0 осіб
D61: 2025 | E61: Відділ охорони здоров'я | F61: =G61+H61+I61+J61+K61 -> 0 | I61: 0 | L61: кількість хворих
D62: 2026 | E62: Відділ охорони здоров'я | F62: =G62+H62+I62+J62+K62 -> 0 | I62: 0 | L62: кількість хворих
B63: 2 | C63: Закупівля діагностичних засобів | D63: 2024 | E63: Відділ охорони здоров'я | F63: =G63+H63+I63+J63+K63 -> 40 | G63: 10 | I63: 0 | K63: 30 | L63: кількість хворих | P63: 152 | R63: 0 осіб
D64: 2025 | E64: Відділ охорони здоров'я | F64: =G64+H64+I64+J64+K64 -> 50 | G64: 10 | I64: 10 | K64: 30 | L64: кількість хворих
D65: 2026 | E65: Відділ охорони здоров'я | F65: =G65+H65+I65+J65+K65 -> 55 | I65: 25 | K65: 30 | L65: кількість хворих
C66: Забезпечення населення міста медичними імунобіологічними препаратами проти вакцинокерованих інфекцій, зокрема сказу, правцю, ботулізму, туляремії тощо
B67: 1 | C67: Закупівля вакцин | D67: 2024 | E67: Відділ охорони здоров'я | F67: =G67+H67+I67+J67+K67 -> 359 | G67: 80 | I67: 29 | K67: 250 | L67: кількість щеплень (імунізація мед.працівників гепатит В, імунізація мед.працівників, хворих, які знаходяться на Д обліку проти грипу) | M67: 29 | P67: за рахунок ДБ 740 доз, гум.1960доз | Q67: 60
D68: 2025 | E68: Відділ охорони здоров'я | F68: =G68+H68+I68+J68+K68 -> 359 | G68: 80 | I68: 29 | K68: 250 | L68: кількість щеплень (імунізація мед.працівників гепатит В, імунізація мед.працівників, хворих, які знаходяться на Д обліку проти грипу) | M68: 5
D69: 2026 | E69: Відділ охорони здоров'я | F69: =G69+H69+I69+J69+K69 -> 250 | I69: 0 | K69: 250 | L69: кількість щеплень (імунізація мед.працівників гепатит В, імунізація мед.працівників, хворих, які знаходяться на Д обліку проти грипу) | M69: 7
B70: 2 | C70: Закупівля анатоксинів та сироваток | D70: 2024 | E70: Відділ охорони здоров'я | F70: =G70+H70+I70+J70+K70 -> 230 | G70: 230 | I70: 0 | L70: кількість хворих
D71: 2025 | E71: Відділ охорони здоров'я | F71: =G71+H71+I71+J71+K71 -> 230 | G71: 230 | I71: 0 | L71: кількість хворих
D72: 2026 | E72: Відділ охорони здоров'я | F72: =G72+H72+I72+J72+K72 -> 0 | I72: 0 | L72: кількість хворих
B73: 3 | C73: Закупівля виробів медичного призначення, у т.ч. індикаторних карток | D73: 2024 | E73: Відділ охорони здоров'я | F73: =G73+H73+I73+J73+K73 -> 587.1 | G73: 160 | I73: 362.1 | J73: 15 | K73: 50 | L73: загальна кількість хворих | P73: 2681
D74: 2025 | E74: Відділ охорони здоров'я | F74: =G74+H74+I74+J74+K74 -> 430.5 | G74: 160 | I74: 205.5 | J74: 15 | K74: 50 | L74: загальна кількість хворих
D75: 2026 | E75: Відділ охорони здоров'я | F75: =G75+H75+I75+J75+K75 -> 235 | I75: 185 | K75: 50 | L75: загальна кількість хворих
C76: Забезпечення онкологічних хворих
B77: 1 | C77: Організація паліотивної допомоги хворим на онкологічну патологію та больовий синдром | D77: 2024 | E77: Відділ охорони здоров'я | F77: =G77+H77+I77+J77+K77 -> 1270.2 | I77: =1460.2-340 -> 1120.2 | K77: 150 | L77: кількість пролікованих онкологічних хворих | M77: 250 | P77: 15 осіб МБ, 24осіб гум. | R77: 9
D78: 2025 | E78: Відділ охорони здоров'я | F78: =G78+H78+I78+J78+K78 -> 1312.4 | I78: 1162.4 | K78: 150 | L78: кількість пролікованих онкологічних хворих | M78: 250
D79: 2026 | E79: Відділ охорони здоров'я | F79: =G79+H79+I79+J79+K79 -> 1297 | I79: 1147 | K79: 150 | L79: кількість пролікованих онкологічних хворих | M79: 250
B80: 2 | C80: Закупівля діагностичних засобів | D80: 2024 | E80: Відділ охорони здоров'я | F80: =G80+H80+I80+J80+K80 -> 0 | I80: 0 | L80: кількість онкологічних хворих | Q80: 135
D81: 2025 | E81: Відділ охорони здоров'я | F81: =G81+H81+I81+J81+K81 -> 0 | I81: 0 | L81: кількість онкологічних хворих
D82: 2026 | E82: Відділ охорони здоров'я | F82: =G82+H82+I82+J82+K82 -> 0 | I82: 0 | L82: кількість онкологічних хворих
C83: Забезпечення хворих з захворюваннями сердцево-судинної системи та судино-мозкової системи
B84: 1 | C84: Лікарськими засобами для надання невідкладної медичної допомоги, в тому числі фібрінолітичними препаратами | D84: 2024 | E84: Відділ охорони здоров'я | F84: =G84+H84+I84+J84+K84 -> 0 | I84: 0 | L84: загальна кількість хворих з ССЗ, яким проведено тромболізіс | Q84: 23
D85: 2025 | E85: Відділ охорони здоров'я | F85: =G85+H85+I85+J85+K85 -> 0 | I85: 0 | L85: загальна кількість хворих з ССЗ, яким проведено тромболізіс
D86: 2026 | E86: Відділ охорони здоров'я | F86: =G86+H86+I86+J86+K86 -> 0 | I86: 0 | L86: загальна кількість хворих з ССЗ, яким проведено тромболізіс
B87: 2 | C87: Відповідно до сучасних стандартів лікування забезпечено: лікарськими засобами | D87: 2024 | E87: Відділ охорони здоров'я | F87: =G87+H87+I87+J87+K87 -> 38 | I87: 38 | L87: загальна кількість пацієнтів, отримавших лікування | Q87: 1365
D88: 2025 | E88: Відділ охорони здоров'я | F88: =G88+H88+I88+J88+K88 -> 0 | I88: 0 | L88: загальна кількість пацієнтів, отримавших лікування
D89: 2026 | E89: Відділ охорони здоров'я | F89: =G89+H89+I89+J89+K89 -> 0 | I89: 0 | L89: загальна кількість пацієнтів, отримавших лікування
C90: Забезпечення пільгової категорії населення
B91: 1 | C91: Забезпечення лікарськими засобами пільгові групи населення та хворих за певними категоріями захворювань, ветеранів праці та осіб похилого віку | D91: 2024 | E91: Відділ охорони здоров'я | F91: =G91+H91+I91+J91+K91 -> 1000 | I91: 1000 | L91: кількість рецептів | M91: 600 | P91: 65рец., 32 осіб
D92: 2025 | E92: Відділ охорони здоров'я | F92: =G92+H92+I92+J92+K92 -> 1200 | I92: 1200 | L92: кількість рецептів | M92: 650
D93: 2026 | E93: Відділ охорони здоров'я | F93: =G93+H93+I93+J93+K93 -> 1020 | I93: 1020 | L93: кількість рецептів | M93: 670
B94: 2 | C94: Забезпечення пільгової категорії населення зубним протезуванням | D94: 2024 | E94: Відділ охорони здоров'я | F94: =G94+H94+I94+J94+K94 -> 0 | I94: 0 | L94: кількість пільговиків
D95: 2025 | E95: Відділ охорони здоров'я | F95: =G95+H95+I95+J95+K95 -> 0 | I95: 0 | L95: кількість пільговиків
D96: 2026 | E96: Відділ охорони здоров'я | F96: =G96+H96+I96+J96+K96 -> 0 | I96: 0 | L96: кількість пільговиків
B97: 3 | C97: Забезпечення пільгової категорії населення слуховими апаратами | D97: 2024 | E97: Відділ охорони здоров'я | F97: =G97+H97+I97+J97+K97 -> 990 | I97: =650+340 -> 990 | L97: кількість забезпечених | M97: 10
D98: 2025 | E98: Відділ охорони здоров'я | F98: =G98+H98+I98+J98+K98 -> 650 | I98: 650 | L98: кількість забезпечених | M98: 12
D99: 2026 | E99: Відділ охорони здоров'я | F99: =G99+H99+I99+J99+K99 -> 0 | I99: 0 | L99: кількість забезпечених | M99: 12
B100: 4 | C100: Забезпечення інтраокулярними лінзами і розхідними матеріалами для оперативного лікування хворих пільгової категорії населення на зрілу катаракту | D100: 2024 | E100: Відділ охорони здоров'я | F100: =G100+H100+I100+J100+K100 -> 400 | I100: 400 | L100: кількість забезпечених
D101: 2025 | E101: Відділ охорони здоров'я | F101: =G101+H101+I101+J101+K101 -> 0 | I101: 0 | L101: кількість забезпечених
...

Sheet стомат
M1: Додаток 2
M2: до Програми
A4: ЗАХОДИ З РЕАЛІЗАЦІЇ ПРОГРАМИ
A5: № і назва завдання Стратегії розвитку Донецької області на період до 2027 року | B5: № з/п | C5: Зміст заходу | D5: Термін виконан- ня | E5: Виконавець | F5: Витрати на реалізацію, тис.грн | L5: Очікуваний результат
F6: Всього | G6: у тому числі за рахунок коштів:
G7: Держав- ного бюджету | H7: місцевих бюджетів | J7: підпри- ємств | K7: інших джерел | L7: найменування показника | M7: значення показника
H8: обласного бюджету | I8: бюджету територіальної громади
A9: 1 | B9: 2 | C9: 3 | D9: 4 | E9: 5 | F9: 6 | G9: 7 | H9: 8 | I9: 9 | J9: 10 | K9: 11 | L9: 12 | M9: 13
A10: 2.2.1 Підвищення якості та загальної доступності медичних послуг у містах та сільській місцевості | C10: Удосконалення кадрової політики | P10: цпмсд | Q10: мкл | R10: гб1
B11: 1 | C11: Перепідготовка кадрів для центру первинної медико-санітарної допомоги, комунальних некомерційних підприємств | D11: 2024 | E11: Відділ охорони здоров'я | F11: =G11+H11+I11+J11+K11 -> 0 | L11: кількість лікарів, середніх медпрацівників | Q11: Лікарів-1 | R11: 0
D12: 2025 | E12: Відділ охорони здоров'я | F12: =G12+H12+I12+J12+K12 -> 0 | L12: кількість лікарів, середніх медпрацівників
D13: 2026 | E13: Відділ охорони здоров'я | F13: =G13+H13+I13+J13+K13 -> 0 | L13: кількість лікарів, середніх медпрацівників
B14: 2 | C14: Щомісячні доплати до заробітної плати медичним працівникам (лікарям), що надають первинну медичну допомогу | D14: 2024 | E14: Відділ охорони здоров'я | F14: =G14+H14+I14+J14+K14 -> 0 | L14: кількість лікарів
D15: 2025 | E15: Відділ охорони здоров'я | F15: =G15+H15+I15+J15+K15 -> 0 | L15: кількість лікарів
D16: 2026 | E16: Відділ охорони здоров'я | F16: =G16+H16+I16+J16+K16 -> 0 | L16: кількість лікарів
B17: 3 | C17: Впровадження та розвиток єдиної медичної інформаційної системи охорони здоров'я | D17: 2024 | E17: Відділ охорони здоров'я | F17: =G17+H17+I17+J17+K17 -> 0 | L17: кількість комп'ютерного оснащення, робочих місць | N17: 4 | P17: 28 раб.места Хелсі, інтернет, придбано 2 ноутбука
D18: 2025 | E18: Відділ охорони здоров'я | F18: =G18+H18+I18+J18+K18 -> 0 | L18: кількість комп'ютерного оснащення, робочих місць
D19: 2026 | E19: Відділ охорони здоров'я | F19: =G19+H19+I19+J19+K19 -> 0 | L19: кількість комп'ютерного оснащення, робочих місць
B20: 4 | C20: Підтримка комунальних некомерційних підприємств охорони здоров'я (понад кошти НСЗУ) : - оплата комунальних послуг та енергоносіїв; - медикаментозне та матеріально-технічне забезпечення з урахуванням потреб населення. Закупівля лікарських засобів та перев’язувальних матеріалів; виробів медичного призначення; технічних засобів; дезінфікуючих засобів, проведення поточних ремонтів тощо; -забезпечення проведення харчування на відповідному рівні в умовах стаціонару; -забезпечення закладів охорони здоров’я видатками на оплату праці відповідно до встановлених чинним законодавством умов оплати праці (забезпечення роботи медичної комісії для проведення медичного огляду призовників, працівників бюджетної сфери; утримання штатних посад лікарів-інтернів; забезпечення роботи фізіотерапевтичних поліклінічних відділень та кабінетів; забезпечення роботи «Клініки дружньої до молоді»; забезпечення роботи трансфузіологічного відділення, виплата муніципальної доплати до заробітної плати медичним та іншим працівникам, які безпосередньо зайняті на роботах з ліквідації захворювання серед людей на коронавірусну хворобу (COVID-19)); -безкоштовне надання стоматологічної допомоги дитячому населенню громади; -безкоштовне надання стоматологічних медичних послуг пільговим категоріям населення громади; -забезпечення відшкодування пільгових пенсій при достроковому виході на пенсію | D20: 2024 | E20: Відділ охорони здоров'я | F20: =G20+H20+I20+J20+K20 -> 1800 | I20: 1800 | L20: кількість підприємств | N20: 5 | R20: Всього ставок :31,75, з них : лікарі - 3,5; середній медпресонал - 20,75; молодший медперсонал - 4,75; фахівці - 1,5; інші - 1,25. КЕКВ 2270 - 857,7; КЕКВ 2220 - 990,1; КЕКВ 2230 - 449,9; КЕКВ 2111 - 1273,5; КЕКВ 2120 - 314,3
D21: 2025 | E21: Відділ охорони здоров'я | F21: =G21+H21+I21+J21+K21 -> 1900 | I21: 1900 | L21: кількість підприємств
D22: 2026 | E22: Відділ охорони здоров'я | F22: =G22+H22+I22+J22+K22 -> 1760 | I22: 1760 | L22: кількість підприємств
B23: 5 | C23: Підтримка комунальних закладів охорони здоров'я, які належать територіальній громаді (Комунальне некомерційне підприємство Слов'янської міської ради «Міська клінічна лікарня м.Слов'янська») | D23: 2024 | E23: Відділ охорони здоров'я | F23: =G23+H23+I23+J23+K23 -> 28 | I23: 28 | L23: кількість закладів | M23: перевірка вогнегасни- ків-5,0; верифікація контуру заземлення-8,0; повірка манометрів-2,0; утилізація медичних відходів-13,0 | N23: 6
D24: 2025 | E24: Відділ охорони здоров'я | F24: =G24+H24+I24+J24+K24 -> 0 | L24: кількість закладів | M24: перевірка вогнегасни- ків-5,0; верифікація контуру заземлення-9,0; повірка манометрів-2,0; утилізація медичних відходів-14,0
D25: 2026 | E25: Відділ охорони здоров'я | F25: =G25+H25+I25+J25+K25 -> 0 | I25: 0 | L25: кількість закладів | M25: перевірка вогнегасни- ків-5,0; верифікація контуру заземлення-9,0; повірка манометрів-2,0; утилізація медичних відходів-14,0
A26: 2.2.2 Посилення профілактичних заходів з упередження захворюваності населення | C26: Забезпечення хворих на ВІЛ-інфекцію і СНІД та профілактика ВІЛ-інфекції
B27: 1 | C27: Придбання тест/систем, реактивів та систем відбору крові задля добровільного консультування і тестування на ВІЛ-інфекцію та обстеження ВІЛ-інфікованих пацієнтів, що перебувають під медичним наглядом | D27: 2024 | E27: Відділ охорони здоров'я | F27: =G27+H27+I27+J27+K27 -> 0 | L27: кількість | P27: 270 осіб | R27: 0
D28: 2025 | E28: Відділ охорони здоров'я | F28: =G28+H28+I28+J28+K28 -> 0 | L28: кількість
D29: 2026 | E29: Відділ охорони здоров'я | F29: =G29+H29+I29+J29+K29 -> 0 | L29: кількість
B30: 2 | C30: Придбання лікарських засобів задля профілактики та лікування опортуністичних інфекцій, супутніх станів та захворювань у ВІЛ-інфікованих та хворих на СНІД | D30: 2024 | E30: Відділ охорони здоров'я | F30: =G30+H30+I30+J30+K30 -> 0 | L30: загальна кількість пацієнтів
D31: 2025 | E31: Відділ охорони здоров'я | F31: =G31+H31+I31+J31+K31 -> 0 | L31: загальна кількість пацієнтів
D32: 2026 | E32: Відділ охорони здоров'я | F32: =G32+H32+I32+J32+K32 -> 0 | L32: загальна кількість пацієнтів
C33: Забезпечення хворих на туберкульоз та профілактика захворювання | D33: 2026
B34: 1 | C34: Забезпечувати безкоштовною рентген плівкою, реактивами для проведення профоглядів на ТБ осіб з визначених груп "ризику" (в першу чергу - ВІЛ-інфікованих, звільнених з місць позбавлення волі, контактних з вогнищ ТБ, безпритульних) | D34: 2024 | E34: Відділ охорони здоров'я | F34: =G34+H34+I34+J34+K34 -> 0 | L34: кількість рентгенологічних досліджень, бактеріологічних досліджень | R34: 1354 осіб / 6 досліджень
D35: 2025 | E35: Відділ охорони здоров'я | F35: =G35+H35+I35+J35+K35 -> 0 | L35: кількість рентгенологічних досліджень, бактеріологічних досліджень | P35: 0
D36: 2026 | E36: Відділ охорони здоров'я | F36: =G36+H36+I36+J36+K36 -> 0 | L36: кількість рентгенологічних досліджень, бактеріологічних досліджень
B37: 2 | C37: Забезпечення продовольчими пакетами на амбулаторному лікуванні | D37: 2024 | E37: Відділ охорони здоров'я | F37: =G37+H37+I37+J37+K37 -> 0 | L37: кількість забезпечених | R37: 1354 осіб / 6 досліджень
D38: 2025 | E38: Відділ охорони здоров'я | F38: =G38+H38+I38+J38+K38 -> 0 | L38: кількість забезпечених | P38: 0
D39: 2026 | E39: Відділ охорони здоров'я | F39: =G39+H39+I39+J39+K39 -> 0 | L39: кількість забезпечених
B40: 3 | C40: Забезпечити своєчасне щеплення населення новонароджених від туберкульозу (БЦЖ) | D40: 2024 | E40: Відділ охорони здоров'я | F40: =G40+H40+I40+J40+K40 -> 0 | L40: кількість дітей | P40: 132 | Q40: 130
D41: 2025 | E41: Відділ охорони здоров'я | F41: =G41+H41+I41+J41+K41 -> 0 | L41: кількість дітей
D42: 2026 | E42: Відділ охорони здоров'я | F42: =G42+H42+I42+J42+K42 -> 0 | L42: кількість дітей
B43: 4 | C43: Забезпечити туберкуліном та витратними матеріалами для обов'язкової щорічної туберкулінодіагностики дітям 1-14 років, в першу чергу – з груп "ризику" | D43: 2024 | E43: Відділ охорони здоров'я | F43: =G43+H43+I43+J43+K43 -> 0 | L43: кількість дітей, яким встановлено пробу Манту | P43: 0 | T43: 482
D44: 2025 | E44: Відділ охорони здоров'я | F44: =G44+H44+I44+J44+K44 -> 0 | L44: кількість дітей, яким встановлено пробу Манту
D45: 2026 | E45: Відділ охорони здоров'я | F45: =G45+H45+I45+J45+K45 -> 0 | L45: кількість дітей, яким встановлено пробу Манту
B46: 5 | C46: Закуповувати одноразові контейнери для збору мокротиння та транспортувати у бактеріоскопічний пункт | D46: 2024 | E46: Відділ охорони здоров'я | F46: =G46+H46+I46+J46+K46 -> 0 | L46: кількість бактеріоскопічних обстежень на 1000 дорослого населення | P46: 0 | R46: 0 осіб | T46: 730
D47: 2025 | E47: Відділ охорони здоров'я | F47: =G47+H47+I47+J47+K47 -> 0 | L47: кількість бактеріоскопічних обстежень на 1000 дорослого населення
D48: 2026 | E48: Відділ охорони здоров'я | F48: =G48+H48+I48+J48+K48 -> 0 | L48: кількість бактеріоскопічних обстежень на 1000 дорослого населення
C49: Забезпечення хворих на цукровий та нецукровий діабет | T49: 8
B50: 1 | C50: Цукорознижаючими препаратами та лікарськими засобами хворих на нецукровий діабет | D50: 2024 | E50: Відділ охорони здоров'я | F50: =G50+H50+I50+J50+K50 -> 0 | L50: кількість хворих | Q50: 482 | S50: инсулин в иньекциях получают 482 взросліх и 8 детей, в таблетках 730 взросліх
D51: 2025 | E51: Відділ охорони здоров'я | F51: =G51+H51+I51+J51+K51 -> 0 | L51: кількість хворих
D52: 2026 | E52: Відділ охорони здоров'я | F52: =G52+H52+I52+J52+K52 -> 0 | L52: кількість хворих
B53: 2 | C53: Глюкометрами, в тому числі ланцетами | D53: 2024 | E53: Відділ охорони здоров'я | F53: =G53+H53+I53+J53+K53 -> 0 | L53: кількість хворих дітей; вагітних | P53: 6 | Q53: Отриманно:92 глюкометрів, 74100 шт тест-смужок,18131 уп-тест-смужок,140 глюкометра видано
D54: 2025 | E54: Відділ охорони здоров'я | F54: =G54+H54+I54+J54+K54 -> 0 | L54: кількість хворих дітей; вагітних
D55: 2026 | E55: Відділ охорони здоров'я | F55: =G55+H55+I55+J55+K55 -> 0 | L55: кількість хворих дітей; вагітних
B56: 3 | C56: Забезпечення дітей, вагітних хворих на цукровий діабет витратними матеріалами (голки, тест-смужки та ін.) | D56: 2024 | E56: Відділ охорони здоров'я | F56: =G56+H56+I56+J56+K56 -> 0 | L56: кількість хворих дітей; вагітних | P56: 6
D57: 2025 | E57: Відділ охорони здоров'я | F57: =G57+H57+I57+J57+K57 -> 0 | L57: кількість хворих дітей; вагітних
D58: 2026 | E58: Відділ охорони здоров'я | F58: =G58+H58+I58+J58+K58 -> 0 | L58: кількість хворих дітей; вагітних
C59: Забезпечення хворих на вірусний гепатит С
B60: 1 | C60: Закупівля лікарських засобів | D60: 2024 | E60: Відділ охорони здоров'я | F60: =G60+H60+I60+J60+K60 -> 0 | L60: кількість хворих | Q60: 17 | R60: 0 осіб
D61: 2025 | E61: Відділ охорони здоров'я | F61: =G61+H61+I61+J61+K61 -> 0 | L61: кількість хворих
D62: 2026 | E62: Відділ охорони здоров'я | F62: =G62+H62+I62+J62+K62 -> 0 | L62: кількість хворих
B63: 2 | C63: Закупівля діагностичних засобів | D63: 2024 | E63: Відділ охорони здоров'я | F63: =G63+H63+I63+J63+K63 -> 0 | L63: кількість хворих | P63: 152 | R63: 0 осіб
D64: 2025 | E64: Відділ охорони здоров'я | F64: =G64+H64+I64+J64+K64 -> 0 | L64: кількість хворих
D65: 2026 | E65: Відділ охорони здоров'я | F65: =G65+H65+I65+J65+K65 -> 0 | L65: кількість хворих
C66: Забезпечення населення міста медичними імунобіологічними препаратами проти вакцинокерованих інфекцій, зокрема сказу, правцю, ботулізму, туляремії тощо
B67: 1 | C67: Закупівля вакцин | D67: 2024 | E67: Відділ охорони здоров'я | F67: =G67+H67+I67+J67+K67 -> 0 | L67: кількість щеплень (імунізація мед.працівників гепатит В, імунізація мед.працівників, хворих, які знаходяться на Д обліку проти грипу) | P67: за рахунок ДБ 740 доз, гум.1960доз | Q67: 60
D68: 2025 | E68: Відділ охорони здоров'я | F68: =G68+H68+I68+J68+K68 -> 0 | L68: кількість щеплень (імунізація мед.працівників гепатит В, імунізація мед.працівників, хворих, які знаходяться на Д обліку проти грипу)
D69: 2026 | E69: Відділ охорони здоров'я | F69: =G69+H69+I69+J69+K69 -> 0 | L69: кількість щеплень (імунізація мед.працівників гепатит В, імунізація мед.працівників, хворих, які знаходяться на Д обліку проти грипу)
B70: 2 | C70: Закупівля анатоксинів та сироваток | D70: 2024 | E70: Відділ охорони здоров'я | F70: =G70+H70+I70+J70+K70 -> 0 | L70: кількість хворих
D71: 2025 | E71: Відділ охорони здоров'я | F71: =G71+H71+I71+J71+K71 -> 0 | L71: кількість хворих
D72: 2026 | E72: Відділ охорони здоров'я | F72: =G72+H72+I72+J72+K72 -> 0 | L72: кількість хворих
B73: 3 | C73: Закупівля виробів медичного призначення, у т.ч. індикаторних карток | D73: 2024 | E73: Відділ охорони здоров'я | F73: =G73+H73+I73+J73+K73 -> 0 | L73: загальна кількість хворих | P73: 2681
D74: 2025 | E74: Відділ охорони здоров'я | F74: =G74+H74+I74+J74+K74 -> 0 | L74: загальна кількість хворих
D75: 2026 | E75: Відділ охорони здоров'я | F75: =G75+H75+I75+J75+K75 -> 0 | L75: загальна кількість хворих
C76: Забезпечення онкологічних хворих
B77: 1 | C77: Організація паліотивної допомоги хворим на онкологічну патологію та больовий синдром | D77: 2024 | E77: Відділ охорони здоров'я | F77: =G77+H77+I77+J77+K77 -> 0 | L77: кількість пролікованих онкологічних хворих | P77: 15 осіб МБ, 24осіб гум. | R77: 9
D78: 2025 | E78: Відділ охорони здоров'я | F78: =G78+H78+I78+J78+K78 -> 0 | L78: кількість пролікованих онкологічних хворих
D79: 2026 | E79: Відділ охорони здоров'я | F79: =G79+H79+I79+J79+K79 -> 0 | L79: кількість пролікованих онкологічних хворих
B80: 2 | C80: Закупівля діагностичних засобів | D80: 2024 | E80: Відділ охорони здоров'я | F80: =G80+H80+I80+J80+K80 -> 0 | L80: кількість онкологічних хворих | Q80: 135
D81: 2025 | E81: Відділ охорони здоров'я | F81: =G81+H81+I81+J81+K81 -> 0 | L81: кількість онкологічних хворих
D82: 2026 | E82: Відділ охорони здоров'я | F82: =G82+H82+I82+J82+K82 -> 0 | L82: кількість онкологічних хворих
C83: Забезпечення хворих з захворюваннями сердцево-судинної системи та судино-мозкової системи
B84: 1 | C84: Лікарськими засобами для надання невідкладної медичної допомоги, в тому числі фібрінолітичними препаратами | D84: 2024 | E84: Відділ охорони здоров'я | F84: =G84+H84+I84+J84+K84 -> 0 | L84: загальна кількість хворих з ССЗ, яким проведено тромболізіс | Q84: 23
D85: 2025 | E85: Відділ охорони здоров'я | F85: =G85+H85+I85+J85+K85 -> 0 | L85: загальна кількість хворих з ССЗ, яким проведено тромболізіс
D86: 2026 | E86: Відділ охорони здоров'я | F86: =G86+H86+I86+J86+K86 -> 0 | L86: загальна кількість хворих з ССЗ, яким проведено тромболізіс
B87: 2 | C87: Відповідно до сучасних стандартів лікування забезпечено: лікарськими засобами | D87: 2024 | E87: Відділ охорони здоров'я | F87: =G87+H87+I87+J87+K87 -> 0 | L87: загальна кількість пацієнтів, отримавших лікування | Q87: 1365
D88: 2025 | E88: Відділ охорони здоров'я | F88: =G88+H88+I88+J88+K88 -> 0 | L88: загальна кількість пацієнтів, отримавших лікування
D89: 2026 | E89: Відділ охорони здоров'я | F89: =G89+H89+I89+J89+K89 -> 0 | L89: загальна кількість пацієнтів, отримавших лікування
C90: Забезпечення пільгової категорії населення
B91: 1 | C91: Забезпечення лікарськими засобами пільгові групи населення та хворих за певними категоріями захворювань, ветеранів праці та осіб похилого віку | D91: 2024 | E91: Відділ охорони здоров'я | F91: =G91+H91+I91+J91+K91 -> 0 | L91: кількість рецептів | P91: 65рец., 32 осіб
D92: 2025 | E92: Відділ охорони здоров'я | F92: =G92+H92+I92+J92+K92 -> 0 | L92: кількість рецептів
D93: 2026 | E93: Відділ охорони здоров'я | F93: =G93+H93+I93+J93+K93 -> 0 | L93: кількість рецептів
B94: 2 | C94: Забезпечення пільгової категорії населення зубним протезуванням | D94: 2024 | E94: Відділ охорони здоров'я | F94: =G94+H94+I94+J94+K94 -> 2000 | I94: 2000 | L94: 2700
D95: 2025 | E95: Відділ охорони здоров'я | F95: =G95+H95+I95+J95+K95 -> 2000 | I95: 2000 | L95: 2700
D96: 2026 | E96: Відділ охорони здоров'я | F96: =G96+H96+I96+J96+K96 -> 2000 | I96: 2000 | L96: 2700
B97: 3 | C97: Забезпечення пільгової категорії населення слуховими апаратами | D97: 2024 | E97: Відділ охорони здоров'я | F97: =G97+H97+I97+J97+K97 -> 0 | L97: кількість забезпечених
D98: 2025 | E98: Відділ охорони здоров'я | F98: =G98+H98+I98+J98+K98 -> 0 | L98: кількість забезпечених
D99: 2026 | E99: Відділ охорони здоров'я | F99: =G99+H99+I99+J99+K99 -> 0 | L99: кількість забезпечених
B100: 4 | C100: Забезпечення інтраокулярними лінзами і розхідними матеріалами для оперативного лікування хворих пільгової категорії населення на зрілу катаракту | D100: 2024 | E100: Відділ охорони здоров'я | F100: =G100+H100+I100+J100+K100 -> 0 | L100: кількість забезпечених
D101: 2025 | E101: Відділ охорони здоров'я | F101: =G101+H101+I101+J101+K101 -> 0 | L101: кількість забезпечених
...
